 Dungeon Crawl Stone Soup version 0.30-a0-782-ge64f9170bb (webtiles) character file.

Game seed: 8041396664349842346

17987396 iguanaiguana the Hellbinder (level 27, 193/193 HPs)
             Began as a Deep Elf Earth Elementalist on Feb 12, 2023.
             Was the Champion of Kikubaaqudgha.
             Escaped with the Orb
             ... and 15 runes on Feb 19, 2023!
             The game lasted 09:17:13 (85498 turns).

iguanaiguana the Hellbinder (DEEE)                 Turns: 85498, Time: 09:17:14

Health: 193/193    AC: 19    Str:  3      XL:     27
Magic:  30/64      EV: 25    Int: 42 (43) God:    Kikubaaqudgha [******]
Gold:   9384       SH:  8    Dex: 15      Spells: 0/79 levels left

rFire   + + .      SeeInvis +    a - staff of death
rCold   + . .      Faith    .    F - +3 buckler {rC+ rF+}
rNeg    + . .      Spirit   +    n - +1 robe of Vines {NoPotionHeal Regen++++}
rPois   .          Reflect  .    u - +2 hat of the Bear Spirit {Spirit, Bear, *Rage Will++}
rElec   .          Harm     .    J - +2 cloak {Will+}
rCorr   .          Rampage  .    e - +2 pair of gloves {Stlth+}
Will    +++++      Rage     23%  c - +1 pair of boots {Fly}
Stlth   ++++                     b - dreamshard necklace {*Dream Drain}
HPRegen 3.72/turn                T - ring of Xaub {rF+ MP+9 AC+4 Str-2 Int+8}
MPRegen 0.39/turn                Q - ring of see invisible

@: death channelling, calling dragons, flying, studying 4 skills
A: hooves 1, berserk 1, sense surroundings 1, MP-powered wands
0: Orb of Zot
}: 15/15 runes: decaying, slimy, silver, golden, iron, obsidian, icy, bone,
abyssal, demonic, glowing, magical, fiery, dark, gossamer
a: Renounce Religion, Unearth Wretches, Torment


You escaped.
You worshipped Kikubaaqudgha.
Kikubaaqudgha was exalted by your worship.
You visited 17 branches of the dungeon, and saw 86 of its levels.
You visited Pandemonium 4 times, and saw 12 of its levels.
You visited the Abyss 4 times.
You also visited: Gauntlet, Ice Cave and Wizlab.

You collected 10901 gold pieces.
You spent 1517 gold pieces at shops.

Inventory:

Missiles
 B - 2 throwing nets
 I - 9 silver boomerangs
Armour
 c - a +1 pair of boots of flying (worn)
 e - a +2 pair of gloves of stealth (worn)
 n - the +1 robe of Vines (worn) {NoPotionHeal Regen++++}
   (You found it on level 1 of the Lair of Beasts)

   NoPotionHeal: Its wearer cannot be healed by potions.
   Regen:     It increases your rate of health regeneration.
 u - the +2 hat of the Bear Spirit (worn) {Spirit, Bear, *Rage Will++}
   (You found it on level 4 of the Spider Nest)

   Bear:      Going berserk makes the wearer tougher, and they're slowed less
   afterward.
   *Rage:     It berserks you when you make melee attacks (+20% chance).
   Will:      It greatly increases your willpower.
 F - a +3 buckler of resistance (worn)
 J - a +2 cloak of willpower (worn)
Magical Staves
 a - a staff of death (weapon)
Jewellery
 b - the dreamshard necklace (around neck) {*Dream Drain}
   (You found it on level 5 of the Vaults)

   [amulet of nothing]

   *Dream:    It shatters if its wearer takes lethal or near-lethal damage,
   preventing the blow and releasing protective dreams that heal and fight for
   the wearer.
   Drain:     It drains your maximum health when unequipped.
 q - the ring "Hyugrade" {rCorr Dex+4}
   (You took it off a vault warden on level 5 of the Vaults)

   [ring of resist corrosion]

   Dex:       It affects your dexterity (+4).
   rCorr:     It protects you from acid and corrosion.
 C - the amulet of Laolut {RegenMP +Inv Regen+ rCorr Dex-2}
   (You bought it in a shop on level 3 of the Vaults)

   [amulet of magic regeneration]

   It increases your rate of magic regeneration.
   Dex:       It affects your dexterity (-2).
   +Inv:      It lets you turn invisible.
   Regen:     It increases your rate of health regeneration.
   rCorr:     It protects you from acid and corrosion.
 K - the ring "Qihaxy" {rElec rF+ Int+3}
   (You found it on level 5 of the Vaults)

   [ring of protection from fire]

   Int:       It affects your intelligence (+3).
   rF:        It protects you from fire.
   rElec:     It insulates you from electricity.
 Q - a ring of see invisible (right hand)
 T - the ring of Xaub (left hand) {rF+ MP+9 AC+4 Str-2 Int+8}
   (You acquired it on level 14 of the Dungeon)

   [ring of protection]

   AC:        It affects your AC (+4).
   Str:       It affects your strength (-2).
   Int:       It affects your intelligence (+8).
   rF:        It protects you from fire.
   MP:        It affects your magic capacity (+9).
 Y - a +6 ring of strength
Wands
 D - a wand of charming (25)
 M - a wand of roots (37)
 P - a wand of light (32)
 V - a wand of digging (16) {@v3}
Scrolls
 d - 12 scrolls of immolation
 i - 5 scrolls of silence
 l - 18 scrolls of teleportation {@r3}
 t - 8 scrolls of vulnerability
 v - 15 scrolls of fear
 x - 3 scrolls of fog
 y - 8 scrolls of poison
 A - 4 scrolls of butterflies
 R - 2 scrolls of amnesia
Potions
 h - 12 potions of lignification
 j - 17 potions of attraction
 m - 18 potions of ambrosia
 o - 3 potions of resistance {@q5}
 p - a potion of brilliance
 r - 16 potions of might {@q3}
 s - 36 potions of curing {@q1}
 z - 21 potions of heal wounds {@q2}
 H - a potion of mutation
 N - 5 potions of haste {@q4}
 O - 3 potions of magic
 U - 3 potions of cancellation
Miscellaneous
 f - a phantom mirror (inert)
 g - a box of beasts (inert)
 G - a tin of tremorstones (2/2)
 L - the horn of Geryon (inert)
 S - a condenser vane
 W - a phial of floods
 X - a figurine of a ziggurat


   Skills:
 - Level 25.3 Fighting
 - Level 12.0 Staves
 - Level 10.0 Throwing
 - Level 9.0 Armour
 - Level 24.0 Dodging
 - Level 24.1 Stealth
 - Level 6.0 Shields
 - Level 26.5 Spellcasting
 - Level 14.0 Conjurations
 O Level 27 Summonings
 - Level 20.0 Necromancy
 - Level 15.0 Transmutations
 - Level 17.0 Fire Magic
 - Level 6.0 Ice Magic
 - Level 6.0 Earth Magic
 + Level 16.1 Evocations


You couldn't memorise any spells.
You knew the following spells:

 Your Spells              Type           Power      Damage    Failure   Level
a - Dragon's Call         Summ           68%        N/A       1%          9
b - Borgnjor's Vile Clut  Necr/Erth      64%        N/A       1%          5
c - Iron Shot             Conj/Erth      48%        9d9       1%          6
d - Simulacrum            Ice/Necr       64%        N/A       1%          6
e - Death Channel         Necr           73%        N/A       0%          6
f - Infestation           Necr           73%        N/A       1%          8
g - Spellforged Servitor  Conj/Summ      61%        N/A       1%          7
h - Ignition              Fire           57%        3d16      2%          8
i - Haunt                 Necr/Summ      77%        N/A       1%          7
j - Necromutation         Tmut/Necr      70%        N/A       1%          8
k - Apportation           Tloc           100%       N/A       1%          1
l - Statue Form           Tmut/Erth      64%        N/A       1%          6
z - Sublimation of Blood  Necr           100%       N/A       0%          2

Your spell library contained the following spells:

 Spells                   Type           Power      Damage    Failure   Level
 Beastly Appendage        Tmut           100%       N/A       0%          1
 Foxfire                  Conj/Fire      100%       2x1d9     0%          1
 Kiss of Death            Conj/Necr      100%       2d13      0%          1
 Magic Dart               Conj           100%       1d8       0%          1
 Necrotise                Necr           100%       1d9       0%          1
 Sting                    Tmut/Pois      100%       1d8       0%          1
 Summon Small Mammal      Summ           100%       N/A       0%          1
 Passwall                 Tmut/Erth      80%        N/A       0%          2
 Searing Ray              Conj           100%       2d8       0%          2
 Wereblood                Tmut           100%       N/A       0%          2
 Ignite Poison            Fire/Tmut/Pois 98%        N/A       0%          3
 Summon Guardian Golem    Hex/Summ       100%       N/A       0%          3
 Vampiric Draining        Necr           100%       2d13      0%          3
 Animate Armour           Summ/Erth      100%       N/A       0%          4
 Animate Dead             Necr           100%       N/A       0%          4
 Dispel Undead            Necr           100%       3d31      0%          4
 Sticky Flame             Conj/Fire      100%       2d11      0%          4
 Summon Ice Beast         Ice/Summ       100%       N/A       0%          4
 Summon Lightning Spire   Summ/Air       100%       N/A       0%          4
 Agony                    Necr           100%       N/A       0%          5
 Summon Hydra             Summ           68%        N/A       0%          7
 Freeze                   Ice            100%       1d10      1%          1
 Sandblast                Erth           100%       2d20      1%          1
 Shock                    Conj/Air       100%       1d9       1%          1
 Slow                     Hex            100%       N/A       1%          1
 Cigotuvi's Dreadful Rot  Necr/Pois/Air  100%       N/A       1%          2
 Ensorcelled Hibernation  Hex/Ice        100%       N/A       1%          2
 Lesser Beckoning         Tloc           100%       N/A       1%          2
 Static Discharge         Conj/Air       100%       2-7/arc   1%          2
 Confusing Touch          Hex            53%        N/A       1%          3
 Dazzling Flash           Conj/Hex       100%       N/A       1%          3
 Frozen Ramparts          Ice            100%       1d16      1%          3
 Gell's Gravitas          Tloc           53%        N/A       1%          3
 Hailstorm                Conj/Ice       96%        3d19      1%          3
 Inner Flame              Hex/Fire       91%        N/A       1%          3
 Kindle Blastsparks       Fire/Tloc/Air  100%       2d18      1%          3
 Ozocubu's Armour         Ice            82%        N/A       1%          3
 Portal Projectile        Hex/Tloc       100%       N/A       1%          3
 Spider Form              Tmut/Pois      87%        N/A       1%          3
 Stone Arrow              Conj/Erth      100%       3d13      1%          3
 Swiftness                Air            53%        N/A       1%          3
 Teleport Other           Tloc           53%        N/A       1%          3
 Vhi's Electric Charge    Tloc/Air       100%       N/A       1%          3
 Anguish                  Hex/Necr       59%        N/A       1%          4
 Fulminant Prism          Conj/Hex       42%        3d19      1%          4
 Ice Form                 Ice/Tmut       97%        N/A       1%          4
 Iskenderun's Mystic Bla  Conj/Tloc      85%        2d17      1%          4
 Leda's Liquefaction      Hex/Erth       34%        N/A       1%          4
 Petrify                  Tmut/Erth      97%        N/A       1%          4
 Arcjolt                  Conj/Air       42%        1d52      1%          5
 Blade Hands              Tmut           55%        N/A       1%          5
 Fireball                 Conj/Fire      55%        3d21      1%          5
 Freezing Cloud           Conj/Ice/Air   42%        6-21      1%          5
 Iskenderun's Battlesphe  Conj           100%       2d15      1%          5
 Lee's Rapid Deconstruct  Erth           41%        3d20*     1%          5
 Lightning Bolt           Conj/Air       42%        1d62      1%          5
 Summon Forest            Summ/Tloc      53%        N/A       1%          5
 Yara's Violent Unravell  Hex/Tmut       43%        3d17      1%          5
 Starburst                Conj/Fire      55%        6d15      1%          6
 Dragon Form              Tmut           55%        N/A       1%          7
 Malign Gateway           Summ/Tloc      53%        N/A       1%          7
 Orb of Destruction       Conj           53%        9d13      1%          7
 Borgnjor's Revivificati  Necr           73%        N/A       1%          8
 Summon Horrible Things   Summ           68%        N/A       1%          8
 Eringya's Noxious Bog    Tmut/Pois      43%        N/A       2%          6
 Airstrike                Air            26%        2d(4-20)  3%          4
 Cause Fear               Hex            26%        N/A       3%          4
 Manifold Assault         Tloc           53%        N/A       3%          4
 Olgreb's Toxic Radiance  Pois           53%        N/A       3%          4
 Metabolic Englaciation   Hex/Ice        34%        N/A       3%          5
 Conjure Ball Lightning   Conj/Air       42%        3x3d15    3%          6
 Silence                  Hex/Air        26%        N/A       10%         5
 Death's Door             Necr           73%        N/A       10%         9
 Storm Form               Tmut/Air       43%        N/A       14%         7
 Ozocubu's Refrigeration  Ice            41%        4d16      26%         7
 Dispersal                Tloc           26%        N/A       50%         6
 Fire Storm               Conj/Fire      55%        8d14      54%         9
 Enfeeble                 Hex            26%        N/A       97%         7
 Discord                  Hex            26%        N/A       100%        8
 Disjunction              Tloc           26%        N/A       100%        8
 Polar Vortex             Ice            41%        N/A       100%        9
 Shatter                  Erth           41%        3d32*     100%        9


Dungeon Overview and Level Annotations

Branches:
Dungeon (15/15)            Temple (0/1) D:5            Lair (5/5) D:10
  Swamp (4/4) Lair:2       Spider (4/4) Lair:2        Slime (5/5) Lair:4
    Orc (2/2) D:10            Elf (3/3) Orc:2        Vaults (5/5) D:14
  Crypt (3/3) Vaults:2       Tomb (3/3) Crypt:3      Depths (4/4) D:15
   Hell (visited)             Dis (7/7) Hell            Geh (7/7) Hell
    Coc (7/7) Hell            Tar (7/7) Hell            Zot (5/5) Depths:4
  IceCv (visited)          WizLab (visited)         Gauntlet (visited)

Altars:
Ashenzari
Cheibriados
Elyvilon
Gozag
Kikubaaqudgha
Makhleb
Okawaru
Qazlal
Ru
Trog
Vehumet
Wu Jian
Xom
Yredelemnul
The Shining One
Jiyva
Lugonu

Shops:
D:11 *   Orc:2 [(*:!   Vaults:3 =   Depths:4 ([

Portals:
Hell: Depths:1 Depths:2 Depths:3 Depths:4
Abyss: Depths:3
Pandemonium: Depths:1 Depths:2 Depths:4
Ziggurat: Depths:2

Annotations:
Lair:3 exclusion: downstairs
Vaults:3 1 runed door
Geh:3 1 exclusion
Coc:7 exclusion: ice statue


Innate Abilities, Weirdness & Mutations

You have large cloven feet.
You sometimes lose your temper in combat.
You passively map a small area around you.
You expend magic power (3 MP) to strengthen your wands.


Message History

Press: ? - help, Dir - move target
As you read the scroll of blinking {@r4}, it crumbles to dust.
Casting: Dragon's Call (mildly dangerous; 1% risk of failure)
Confirm with . or Enter, or press ? or * to list all spells.
You summon a servant imbued with your destructive magic!
You produce a hideous howling noise!
You open the lid... ...and an elder firesting beast leaps out!
The box is emptied!
Something bites your fire dragon! Something tramples your fire dragon!
Your fire dragon holds its ground!
Aiming: Phantom Mirror
Press: ? - help, Dir - move target, f - spellforged servitor
Aim: a spellforged servitor (water, summoned, friendly)
You reflect your spellforged servitor with the mirror!
The mirror clouds!
Okay, then.
Casting: Spellforged Servitor (mildly dangerous; 1% risk of failure)
Confirm with . or Enter, or press ? or * to list all spells.
Aiming: Simulacrum (mildly dangerous; 1% risk of failure)
Press: ? - help, Shift-Dir - straight line, f - hell beast, p - spellforged servitor
Aim: a hell beast (severely wounded, not watching you, ally target)
You feel a surge of power!
You freeze the hell beast's soul. The hell beast bites your fire dragon.
The hell beast bites your fire dragon!
The hell beast tramples your fire dragon.
Your fire dragon holds its ground!
Your fire dragon dies!
Your fire dragon's corpse disappears in a puff of smoke!
Casting: Simulacrum (mildly dangerous; 1% risk of failure)
Confirm with . or Enter, or press ? or * to list all spells.
You feel a surge of power!
Malign forces permeate your being, awaiting release.
The hell beast hisses angrily.
Your quicksilver dragon bites the hell beast!
Your quicksilver dragon claws the hell beast.
A dragon arrives to answer your call!
Your elder firesting beast breathes flames at the hell beast.
The blast of flame hits the hell beast!!!
The hell beast dies!
A freezing mist starts to gather... x2; A glowing mist starts to gather...
You have escaped!

..................≈.....###.#..#.
#..####..........≈.≈.............
.....###>.#......≈.≈.............
......##..##D#.D≈..≈........#.#..
..........##.#.ZH..≈.....#....#.#
.........##...Z≈...≈.......####.#
............≈≈D≈2........#.###..#
.........÷.≈...99≈.........##..##
..........≈....≈@.≈.....###...##.
...........≈...2..≈......#.......
............≈≈≈≈≈.≈..............
.......##.........≈..............
.......####....≈...≈..#..........
.......# ##.#..≈..≈...#.#.......
.)....## #.#...≈.≈.#...........
......# #.....≈.≈.###....###..
.####.# ##.#...≈..###..#.###..


You could see a friendly iron dragon (summoned), a friendly golden dragon
(summoned), a friendly quicksilver dragon (summoned), 2 friendly hell beasts, a
friendly elder firesting beast (summoned), 2 friendly spellforged servitors, a
friendly spectral hell beast and a friendly hell beast simulacrum.

Vanquished Creatures
  the Royal Jelly (Slime:5)
  Dissolution (Slime:2)
  the Serpent of Hell (Geh:7)
  4 dread liches
  Mnoleg (Pan)
  3 ancient liches
  An orb of fire (Zot:5)
  14 royal mummies
  Boris (Crypt:2)
  4 shard shrikes
  6 caustic shrikes
  2 golden dragons (Zot:4)
  A profane servitor (Tar:6)
  3 bone dragons
  3 Tzitzimimeh
  2 Brimstone Fiends
  4 doom hounds
  6 Ice Fiends
  2 tainted leviathans (Tar:6)
  A hellephant (Pan)
  Zenata (Elf:2)
  4 Hell Sentinels
  4 tentacled monstrosities
  A lich (Crypt:3)
  3 titans
  8 Orb Guardians (Zot:5)
  A quicksilver dragon (Zot:2)
  2 searing wretches (Geh:4)
  2 Executioners
  A deep elf master archer (Elf:3)
  4 acid blobs (Slime:5)
  7 tentacled starspawn
  A death cob (Zot:4)
  A sphinx (Tomb:1)
  3 tengu reavers
  7 ancient champions
  Gastronok (D:12)
  A thorn hunter (Swamp:2)
  A draconian monk (Abyss:3)
  A nargun (Coc:4)
  A fenstrider witch (Swamp:4)
  4 shadow dragons
  4 storm dragons
  3 fire giants
  A daeva (Abyss:3)
  A rockslime (Slime:4)
  7 vault wardens
  5 azure jellies
  3 draconian knights
  2 revenants
  An iron dragon (Dis:1)
  2 emperor scorpions
  A quicksilver elemental (Dis:4)
  Louise (Swamp:1)
  A draconian scorcher (Zot:1)
  2 deep elf sorcerers
  2 spectral caustic shrikes (Depths:3)
  4 deep elf elementalists (Elf:3)
  6 shard shrike simulacra
  4 draconian annihilators
  5 ghost moths
  8 ironbound preservers
  2 draconian stormcallers (Abyss:3)
  2 demonspawn corrupters (Pan)
  2 war gargoyles
  2 balrugs (Pan)
  2 ghouls
  2 draconian shifters (Zot:3)
  3 ironbound thunderhulks
  A broodmother (Spider:3)
  4 quicksilver oozes
  11 very ugly things
  7 cacodemons
  2 reapers
  A vampire knight (Depths:4)
  7 stone giants
  A starflower (Abyss:3)
  4 elemental wellsprings
  A demonspawn black sun (Pan)
  A deep elf annihilator (Elf:3)
  A lorocyproca (Abyss:3)
  5 black draconians
  11 dire elephants
  A yellow draconian (Zot:1)
  8 green draconians
  3 purple draconians
  Azrael (D:14)
  3 red draconians
  4 wendigos
  2 spark wasps
  A bunyip (Swamp:4)
  7 deep elf demonologists
  2 iron golems (Dis:7)
  3 blizzard demons
  8 white draconians
  A green death (Depths:3)
  A shambling mangrove (Swamp:4)
  A quicksilver dragon zombie (Hell)
  5 deep elf high priests
  9 mummy priests
  9 yaktaur captains
  An entropy weaver (Spider:3)
  8 ice dragons
  A hell beast (D:12)
  4 great orbs of eyes
  A rakshasa (Depths:2)
  A salamander tyrant (Geh:7)
  4 hydras
  2 caustic shrike simulacra
  2 spriggan skeletons (Pan)
  6 boulder beetles
  A ghost crab (Swamp:2)
  5 ironbound frosthearts
  An ogre mage (D:15)
  A juggernaut simulacrum (Coc:6)
  A death knight (Vaults:2)
  A stoker (Geh:4)
  3 catoblepae
  28 vault guards
  3 spriggan air magi
  7 dancing weapons
  48 death scarabs
  7 two-headed ogres
  2 alligators
  3 vampire magi (Crypt:3)
  2 deep troll shamans
  5 tengu warriors
  2 orc high priests (Orc:2)
  3 death yaks (Lair:5)
  A soul eater (Pan)
  3 deep troll earth magi
  7 deep elf knights
  2 spriggan berserkers (Depths:1)
  A storm dragon zombie (Hell)
  3 sun demons
  7 hell knights (Depths:3)
  2 sixfirhies (Pan)
  2 iron trolls (Depths:2)
  Amaemon (Lair:1)
  5 crystal echidnas
  9 skeletal warriors
  2 skysharks
  10 shadow wraiths
  A spriggan rider (Swamp:1)
  4 glowing orange brains
  3 pharaoh ants
  36 deep trolls
  2 quicksilver dragon simulacra
  3 shadow demons (Pan)
  3 orb spiders
  A death drake (shapeshifter) (Vaults:5)
  8 deep elf archers
  3 bog bodies
  9 large abominations
  9 lindwurms
  5 wizards
  7 swamp dragons
  2 phantasmal warriors (Vaults:3)
  2 steelbarb worms
  A spriggan simulacrum (Crypt:3)
  2 necromancers
  23 deep elf pyromancers
  7 ironbound convokers
  4 orc knights
  2 orc sorcerers
  A tengu skeleton (Vaults:1)
  13 ugly things
  3 manticores
  19 deep elf zephyrmancers
  A worldbinder (Abyss:3)
  5 wolf spiders
  2 cyclopes
  4 draconians (Abyss:3)
  2 shining eyes (Pan)
  A titan simulacrum (Coc:7)
  3 elephants (Lair:3)
  3 black mambas
  9 moths of wrath
  3 eyes of devastation
  2 torpor snails (Spider:3)
  A nameless horror (Depths:4)
  10 vault sentinels
  A naga zombie (Tomb:2)
  A molten gargoyle (Hell)
  6 orange demons
  A smoke demon (Pan)
  7 cane toads
  2 spriggan zombies (Hell)
  4 rime drakes
  An alligator snapping turtle zombie (Abyss:3)
  6 demonic crawlers
  A torpor snail (shapeshifter) (Vaults:4)
  3 kobold demonologists
  3 freezing wraiths
  16 yaktaurs
  17 hellions
  2 anaconda simulacra
  4 tormentors (Tar:7)
  An iron giant simulacrum (Coc:6)
  2 spectral deep trolls (Crypt:3)
  7 komodo dragons
  An ice devil (Hell)
  An ancient zyme (Abyss:3)
  A spectral harpy (Tar:1)
  3 tengu conjurers
  A queen bee (Lair:3)
  2 trolls
  21 guardian mummies
  A wolf spider simulacrum (D:15)
  A shadow dragon simulacrum (Hell)
  4 tyrant leeches
  4 meliai
  A hellwing (Depths:2)
  4 tarantellas
  15 blink frogs
  A polar bear (Lair:5)
  A dream sheep (Lair:5)
  7 raiju
  4 hornets
  A harpy skeleton (D:15)
  A raiju (shapeshifter) (Vaults:5)
  20 slime creatures
  13 jumping spiders
  6 culicivoras
  2 air elementals
  4 flying skulls
  A dire elephant simulacrum (Coc:2)
  An ushabti (Tomb:3)
  5 ynoxinuls
  3 spriggans (Swamp:1)
  Sigmund (D:4)
  A wraith (D:13)
  5 wyverns
  2 water elementals (Elf:1)
  19 yaks
  A fire bat (Pan)
  A fire elemental (Elf:2)
  A golden eye (Gauntlet)
  16 redbacks
  5 chaos spawn
  A steam dragon (D:9)
  A death yak simulacrum (IceCv)
  7 neqoxecs (Pan)
  6 vampire mosquitoes
  A warg (shapeshifter) (Vaults:5)
  Menkaure (D:5)
  2 wargs
  3 harpy simulacra
  A two-headed ogre zombie (Orc:1)
  A hydra simulacrum (Coc:2)
  A glowing shapeshifter zombie (Hell)
  2 spatial vortices (Vaults:2)
  5 swamp worms
  Duvessa (D:4)
  6 water moccasins
  2 floating eyes
  A fire bat skeleton (Crypt:3)
  An acid dragon (D:11)
  3 hell hounds (Lair:5)
  A demonspawn skeleton (Crypt:3)
  12 orc warriors
  A swamp drake (Swamp:4)
  3 ice beasts
  A sky beast (D:7)
  3 black bears
  5 wolves
  An ettin simulacrum (Coc:6)
  8 ogres
  3 centaurs
  A phantom (D:5)
  3 kobold brigands
  An earth elemental (Elf:3)
  12 bullfrogs
  A necrophage (Crypt:1)
  3 scorpions
  A cane toad simulacrum (IceCv)
  Dowan (D:4)
  6 wights
  12 killer bees
  An elephant simulacrum (IceCv)
  2 electric eels
  A howler monkey (D:6)
  A crimson imp (Abyss:2)
  A human simulacrum (Vaults:1)
  5 hounds
  5 jellies
  An orc priest (D:5)
  9 starcursed masses
  Crazy Yiuf (D:3)
  A gnoll bouda (D:9)
  2 iguanas
  7 orc wizards
  5 hell rats
  A wolf simulacrum (IceCv)
  An ogre zombie (Orc:1)
  20 mummies
  Robin (D:4)
  A howler monkey skeleton (Crypt:3)
  8 gnolls
  9 adders
  A shadow imp (D:7)
  4 white imps
  3 ufetubi
  2 worms
  3 dart slugs
  26 orcs
  5 endoplasms
  2 giant cockroaches
  8 goblins
  9 hobgoblins
  3 jackals (D:5)
  6 quokkas
  8 ball pythons
  2 bats (D:1)
  3 frilled lizards
  18 kobolds
  4 rats
  A fire vortex (Depths:2)
  A lurking horror (Abyss:3)
  6 starspawn tentacles
1341 creatures vanquished.

Vanquished Creatures (collateral kills)
  Cerebov (Pan)
  Asmodeus (Geh:7)
  Antaeus (Coc:7)
  Ereshkigal (Tar:7)
  Gloorx Vloq (Pan)
  Lom Lobon (Pan)
  Dispater (Dis:7)
  8 dread liches
  10 ancient liches
  7 orbs of fire
  3 juggernauts (Dis:7)
  2 pandemonium lords (Pan)
  17 royal mummies
  6 shard shrikes
  Frederick (Depths:3)
  Boris (twice) (Depths:3 Tomb:3)
  4 Killer Klowns
  Vv (Zot:1)
  4 curse toes (Zot:5)
  12 caustic shrikes
  The ghost of Gemnonof the Warrior, an adept DgCj (Depths:1)
  8 golden dragons
  The ghost of HilariousDeathArtist the Swashbuckler, a veteran GnMo of Lugonu (Vaults:3)
  4 profane servitors
  Geryon (Hell)
  11 doom hounds
  14 bone dragons
  The ghost of Iich the Axe Maniac, an adept HOFi of Gozag (Vaults:2)
  A shard shrike zombie (Tomb:3)
  The ghost of Bavo the Warrior, an adept GrFi of Cheibriados (Crypt:3)
  6 Brimstone Fiends
  4 hellephants
  10 Tzitzimimeh
  8 electric golems
  5 iron giants
  8 Hell Sentinels
  22 tentacled monstrosities
  9 Ice Fiends
  A moon troll (WizLab)
  The ghost of Hisewn the Marksdemonspawn, an adept DsHu of Fedhas (Elf:1)
  9 liches
  6 searing wretches
  9 tainted leviathans
  A deep elf blademaster (Elf:2)
  17 Orb Guardians (Zot:5)
  6 quicksilver dragons
  11 Executioners
  19 acid blobs
  8 death cobs
  8 titans
  An eldritch tentacle (Pan)
  Frances (Swamp:1)
  5 tengu reavers
  7 tentacled starspawn (WizLab)
  28 ancient champions
  The ghost of Enkazo Toplu the Bludgeoner, an adept AtWr of Ashenzari (Swamp:2)
  8 sphinxes
  7 shadow dragons
  19 storm dragons
  A thorn hunter (Swamp:4)
  3 revenants
  A demonspawn warmonger (Pan)
  A daeva (Abyss:3)
  5 azure jellies
  8 fire giants
  9 rockslimes
  A fenstrider witch (Swamp:2)
  7 narguns
  8 vault wardens
  A draconian monk (Zot:1)
  2 deep elf sorcerers (Elf:3)
  A draconian knight (Depths:4)
  4 draconian scorchers
  4 emperor scorpions
  11 frost giants
  24 balrugs
  4 ghost moths
  A quicksilver elemental (Dis:7)
  6 iron dragons
  A draconian stormcaller (Depths:4)
  A juggernaut zombie (Crypt:2)
  4 curse skulls
  Aizul (Spider:1)
  A deep elf elementalist (Elf:3)
  10 cacodemons
  3 draconian shifters
  3 shard shrike simulacra
  2 orc warlords (Orc:2)
  8 ironbound preservers
  2 spriggan defenders
  2 angels
  A broodmother (Spider:2)
  5 ghouls
  2 spectral caustic shrikes (Depths:3)
  A demonspawn blood saint (Pan)
  6 quicksilver oozes
  6 reapers
  21 war gargoyles
  A draconian annihilator (Zot:3)
  17 very ugly things
  The ghost of bande the Severer, a journeyman GrFi of Okawaru (D:13)
  14 stone giants
  An ironbound thunderhulk (Vaults:3)
  3 vampire knights
  3 deep elf demonologists
  9 elemental wellsprings
  3 demonspawn black suns (Pan)
  3 eleionomae
  2 grey draconians (Depths:4)
  6 putrid mouths
  3 lorocyprocas (Pan)
  2 bunyips
  9 red draconians
  The ghost of Kithraux the Brawler, a journeyman TrAr of Nemelex Xobeh (Lair:3)
  6 bennus
  9 green draconians
  6 black draconians
  7 white draconians
  7 deep elf annihilators
  6 yellow draconians
  2 spark wasps
  2 starcursed masses
  5 wendigos
  A minotaur (Gauntlet)
  4 dire elephants
  11 iron golems
  5 purple draconians
  A crystal guardian (WizLab)
  10 eidola
  4 ettins
  7 green deaths (Pan)
  Snorg (D:10)
  6 blizzard demons
  3 deep elf death magi
  10 jiangshi
  11 great orbs of eyes
  2 spectral quicksilver dragons
  A spriggan zombie (Crypt:1)
  2 deep elf high priests
  9 yaktaur captains
  A shambling mangrove (Swamp:4)
  2 spectral spriggans
  The ghost of tarna41 the Spear-Bearer, a journeyman MiBe of Trog (D:11)
  A spectral iron giant (Tar:3)
  22 mummy priests
  10 fire dragons
  2 rakshasas
  4 spriggan air magi
  8 salamander tyrants
  A jorogumo (Spider:1)
  5 ironbound frosthearts
  A vault guard (D:14)
  2 catoblepae (Lair:5)
  18 hydras
  4 caustic shrike simulacra
  3 hell beasts
  2 spectral stone giants
  2 spriggan skeletons
  2 ice dragons (Depths:4)
  A jorogumo (shapeshifter) (Vaults:5)
  2 ghost crabs
  4 juggernaut simulacra
  6 ogre magi
  3 centaur warriors
  3 stokers
  7 alligators
  6 boulder beetles
  20 dancing weapons
  4 deep troll shamans
  5 death knights
  4 vampire magi
  5 tengu warriors
  13 two-headed ogres
  4 death yaks (Lair:5)
  31 death scarabs
  A thrashing horror (Abyss:3)
  A deep troll earth mage (Vaults:5)
  A titan zombie (Hell)
  3 orc high priests
  2 spriggan berserkers (Swamp:2)
  A spectral dire elephant (Tar:5)
  26 sun demons
  6 hell knights
  16 soul eaters
  4 wretched stars
  4 deep elf knights (Elf:2)
  Urug (D:12)
  9 crystal echidnas
  5 iron trolls
  14 shadow wraiths
  7 sixfirhies
  A storm dragon skeleton (Crypt:1)
  A storm dragon zombie (Crypt:1)
  A spark wasp zombie (Hell)
  29 skeletal warriors
  4 pharaoh ants
  A shadow demon (Pan)
  3 bog bodies
  16 deep trolls
  2 spectral anacondas
  2 sun moths
  A death drake (Swamp:2)
  8 wizards
  A spriggan druid (Swamp:1)
  3 spriggan riders
  An orange crystal statue (WizLab)
  3 goliath frogs (Swamp:2)
  7 orb spiders
  An anaconda zombie (Abyss:3)
  8 glowing orange brains
  A spectral iron dragon (Tar:5)
  2 tengu zombies
  4 flayed ghosts
  9 swamp dragons (Swamp:4)
  4 necromancers
  3 spriggan simulacra
  6 steelbarb worms
  3 lindwurms
  7 ironbound convokers
  3 deep elf archers
  6 phantasmal warriors
  3 orc knights
  A fenstrider witch simulacrum (Coc:1)
  7 deep elf zephyrmancers
  4 orc sorcerers
  13 wolf spiders
  A faun (shapeshifter) (Vaults:5)
  A sphinx zombie (Hell)
  12 deep elf pyromancers
  A fire giant zombie (Hell)
  10 shining eyes
  20 moths of wrath
  A stone giant zombie (Crypt:1)
  An oklob plant (Lair:1)
  23 ugly things
  9 elephants
  A worldbinder (Abyss:2)
  4 cyclopes
  18 large abominations
  3 manticores
  3 will-o-the-wisps
  A salamander (Depths:2)
  An iron dragon skeleton (Crypt:1)
  6 vault sentinels
  4 black mambas
  2 centaur zombies
  A spectral iron troll (Crypt:3)
  A stone giant skeleton (Abyss:3)
  3 gargoyles
  11 rust devils
  9 molten gargoyles
  5 torpor snails
  13 demonic crawlers
  6 cane toads
  10 orange demons (Pan)
  A titan simulacrum (Coc:7)
  A black draconian zombie (Crypt:2)
  7 eyes of devastation
  18 smoke demons
  18 hellions
  4 komodo dragons
  A human zombie (Vaults:1)
  4 centaur skeletons
  A minotaur zombie (Gauntlet)
  A dire elephant skeleton (Crypt:1)
  6 yaktaurs
  2 anaconda simulacra
  4 freezing wraiths
  A red draconian zombie (Crypt:1)
  A rime drake (Lair:2)
  6 tormentors
  3 efreet
  3 bunyip simulacra
  46 guardian mummies
  2 ice devils
  An elf skeleton (Vaults:1)
  A bloated husk (Swamp:2)
  An ancient zyme (Abyss:3)
  A spectral harpy (Tar:5)
  2 iron giant simulacra (Coc:2)
  4 trolls
  11 polar bears
  A death drake zombie (Crypt:3)
  A troll (shapeshifter) (D:12)
  10 hornets
  21 tarantellas
  A sea snake skeleton (Crypt:3)
  2 tyrant leeches (Swamp:1)
  A harpy skeleton (Pan)
  4 meliai (Spider:4)
  11 hellwings (Pan)
  A hydra skeleton (Pan)
  10 raiju
  2 iron dragon simulacra
  A merfolk zombie (Crypt:3)
  A dream sheep (Lair:5)
  12 blink frogs
  A spectral black mamba (Tar:1)
  A raiju (shapeshifter) (Vaults:5)
  8 flying skulls
  50 slime creatures
  26 jumping spiders
  An ice dragon zombie (Crypt:1)
  4 dire elephant simulacra
  A shadow (D:10)
  A stone giant simulacrum (Coc:1)
  A centaur simulacrum (Coc:2)
  An ice dragon skeleton (Crypt:1)
  9 spriggans
  2 air elementals (Elf:1)
  9 ushabtiu
  5 wraiths
  6 ynoxinuls (Pan)
  24 culicivoras
  A basilisk (Lair:2)
  4 nameless horrors
  A wyvern (Lair:5)
  6 fire elementals
  20 yaks
  An ettin skeleton (Pan)
  6 fire bats
  6 golden eyes (WizLab)
  3 steam dragons
  30 redbacks
  Grum (D:10)
  An alligator snapping turtle simulacrum (Coc:2)
  A slime creature zombie (Crypt:2)
  8 neqoxecs
  2 chaos spawn
  3 vampire mosquitoes
  8 wargs
  An acid dragon (D:12)
  14 swamp worms
  A glowing shapeshifter zombie (Hell)
  5 harpy simulacra
  3 hydra simulacra
  13 hell hounds
  8 water moccasins
  2 naga skeletons (Pan)
  A water nymph skeleton (Crypt:3)
  A fire bat skeleton (Crypt:1)
  A floating eye (Pan)
  8 swamp drakes
  An ice beast (D:7)
  18 orc warriors
  8 small abominations
  16 ogres
  11 black bears (Lair:5)
  2 ettin simulacra
  12 wolves (Lair:5)
  A torpor snail zombie (Crypt:3)
  2 kobold brigands
  A rime drake skeleton (Crypt:2)
  2 bullfrogs (Lair:4)
  3 necrophages
  A wyvern skeleton (Crypt:1)
  A salamander skeleton (Crypt:3)
  2 wights (D:9)
  4 howler monkeys
  A swamp dragon simulacrum (Coc:1)
  4 killer bees
  A yak skeleton (Crypt:2)
  An electric eel (Lair:3)
  A bullfrog zombie (Crypt:2)
  A quasit (Abyss:2)
  A basilisk zombie (Crypt:2)
  2 orc priests
  An iron imp (D:7)
  A bullfrog skeleton (Crypt:3)
  4 orc wizards
  6 hell rats
  2 naga zombies
  A deep dwarf skeleton (Crypt:2)
  17 mummies
  3 gnolls
  2 white imps
  An ufetubus (Abyss:3)
  29 orcs
  2 endoplasms (D:4)
  2 goblins (D:4)
  3 kobolds
  A river rat zombie (Crypt:1)
  A ball python zombie (Crypt:3)
  A dart slug zombie (Crypt:2)
  A frilled lizard skeleton (Crypt:2)
  2 blocks of ice (Pan)
  A creeping inferno (Geh:7)
  9 fire vortices
  A fungus (Orc:2)
  A lurking horror (Abyss:3)
  3 starspawn tentacles
2162 creatures vanquished.

Vanquished Creatures (others)
  A golden dragon (Zot:5)
  A quicksilver dragon (Zot:5)
  An eldritch tentacle (Vaults:2)
  A tengu reaver (Pan)
  A shadow dragon (Zot:5)
  A demonspawn warmonger (Pan)
  2 deep elf sorcerers
  3 vault wardens (Pan)
  2 frost giants
  A ghost moth (Spider:4)
  An ironbound preserver (Pan)
  A draconian shifter (Zot:5)
  An ironbound thunderhulk (Vaults:3)
  A demonspawn blood saint (Pan)
  A stone giant (Vaults:3)
  2 green draconians (Zot:5)
  A bunyip (Swamp:2)
  A spark wasp (Spider:3)
  A red draconian (Zot:1)
  A deep elf high priest (Pan)
  A fire dragon (Pan)
  A nameless horror (Depths:4)
  2 yaktaur captains
  An ice dragon (D:13)
  2 juggernaut simulacra (Coc:7)
  2 spriggan air magi
  A radroach (Spider:4)
  2 boulder beetles
  A death knight (Pan)
  A spriggan berserker (Swamp:2)
  3 quicksilver ooze zombies (Slime:5)
  A deep elf knight (Elf:2)
  2 spark wasp zombies
  A ghost moth zombie (Spider:4)
  A spriggan rider (Gauntlet)
  A deep elf archer (Elf:1)
  A flayed ghost (Crypt:2)
  An ironbound convoker (Pan)
  A steelbarb worm (Spider:4)
  2 wolf spider zombies
  A necromancer (Vaults:3)
  A goliath frog zombie (Swamp:2)
  3 wizards
  3 ugly thing zombies
  A deep elf pyromancer (Elf:1)
  A deep elf zephyrmancer (Elf:1)
  A wolf spider (Spider:3)
  A mana viper (Gauntlet)
  A frost giant zombie (Depths:2)
  2 stone giant zombies (Depths:2)
  A moth of wrath (Zot:5)
  A skyshark zombie (Lair:2)
  A smoke demon (Pan)
  A tormentor (Pan)
  2 orb spider zombies
  A swamp worm zombie (Swamp:2)
  2 yaktaur zombies
  A yaktaur (D:13)
  6 death yak zombies (Lair:5)
  2 redback zombies
  9 human zombies
  A tengu conjurer (Depths:2)
  7 hydra zombies
  A demonic crawler zombie (Spider:1)
  2 hellwings (Pan)
  2 tarantellas (Spider:3)
  An iron giant simulacrum (Coc:7)
  A bloated husk (Swamp:4)
  2 tarantella zombies
  3 meliai zombies (Spider:4)
  A raiju (Pan)
  A great orb of eyes zombie (Slime:5)
  5 jumping spider zombies
  3 ice dragon zombies
  A boulder beetle zombie (D:13)
  A fire dragon zombie (Depths:2)
  2 jumping spiders (Spider:4)
  4 culicivora zombies
  A culicivora (Spider:3)
  A dire elephant simulacrum (Coc:7)
  8 slime creature zombies
  A basilisk (Gauntlet)
  A cane toad zombie (Lair:3)
  11 deep troll zombies
  2 wargs (Orc:2)
  9 elf zombies
  3 swamp dragon zombies (Swamp:4)
  4 orc warriors (Orc:2)
  4 manticore zombies
  4 elephant zombies (Lair:3)
  A boggart (D:11)
  2 komodo dragon zombies
  2 water moccasin zombies
  A troll zombie (D:10)
  2 warg zombies (Orc:2)
  A spriggan zombie (Swamp:1)
  5 yak zombies
  A tengu zombie (D:14)
  A polar bear zombie (Lair:4)
  A wolf zombie (D:10)
  5 bullfrog zombies
  A basilisk zombie (Lair:2)
  An orc wizard (D:13)
  A boggart zombie (D:11)
  A kobold zombie (D:13)
  3 killer bee zombies (D:7)
  3 ogre zombies
  5 swamp drake zombies (Swamp:4)
  A jelly zombie (D:6)
  A hobgoblin zombie (D:4)
  5 goblin zombies (D:4)
  24 orc zombies
  14 ball lightnings (Pan)
  A block of ice (Pan)
  A creeping inferno (Geh:4)
  5 demonic plants (WizLab)
  6 fire vortices
  9 foxfires (Swamp:4)
  74 fungi
  98 plants
  23 starspawn tentacles
481 creatures vanquished.

Grand Total: 3984 creatures vanquished

Notes
Turn   | Place    | Note
-------+----------+-------------------------------------------
     0 | D:1      | iguanaiguana the Deep Elf Earth Elementalist began the
                  | quest for the Orb.
     0 | D:1      | Reached XP level 1. HP: 10/10 MP: 6/6
   266 | D:1      | Reached XP level 2. HP: 15/15 MP: 5/8
   294 | D:1      | Learned a level 2 spell: Passwall
   436 | D:1      | Found a faded altar of an unknown god.
   448 | D:1      | Prayed at the altar of an unknown god.
   448 | D:1      | Became a worshipper of Kikubaaqudgha
   448 | D:1      | Reached * piety under Kikubaaqudgha
   448 | D:1      | Received a gift from Kikubaaqudgha
  1084 | D:2      | Reached XP level 3. HP: 19/19 MP: 7/9
  1582 | D:3      | Reached skill level 1 in Conjurations
  1832 | D:3      | Reached XP level 4. HP: 12/24 MP: 5/10
  1835 | D:3      | Reached ** piety under Kikubaaqudgha
  2206 | D:3      | Learned a level 3 spell: Stone Arrow
  2374 | D:3      | Found a runed translucent door.
  2375 | D:3      | Noticed Crazy Yiuf
  2566 | D:4      | Reached XP level 5. HP: 25/28 MP: 8/11
  2631 | D:4      | Noticed Sigmund
  2794 | D:5      | Entered Level 5 of the Dungeon
  3004 | D:5      | Reached skill level 5 in Earth Magic
  3121 | D:5      | Found a staircase to the Ecumenical Temple.
  3139 | D:5      | Noticed Menkaure
  3382 | D:5      | Reached XP level 6. HP: 26/32 MP: 4/12
  3679 | D:5      | Learned a level 4 spell: Animate Dead
  4298 | D:6      | Reached XP level 7. HP: 36/36 MP: 11/13
  4339 | D:6      | Reached skill level 5 in Necromancy
  4499 | D:6      | Noticed a steam dragon
  4862 | D:6      | Reached *** piety under Kikubaaqudgha
  4862 | D:6      | Received a gift from Kikubaaqudgha
  4872 | D:6      | Noticed a steam dragon
  5114 | D:7      | Reached XP level 8. HP: 41/41 MP: 9/16
  5120 | D:7      | Learned a level 5 spell: Borgnjor's Vile Clutch
  5267 | D:7      | Found a stormy altar of Qazlal.
  5354 | D:7      | Reached skill level 5 in Spellcasting
  5543 | D:7      | Reached skill level 10 in Necromancy
  5618 | D:7      | Reached XP level 9. HP: 45/45 MP: 8/20
  5625 | D:7      | Learned a level 6 spell: Death Channel
  6208 | D:7      | Found a snail-covered altar of Cheibriados.
  6740 | D:8      | Reached **** piety under Kikubaaqudgha
  7200 | D:8      | Reached skill level 10 in Spellcasting
  7695 | D:4      | Noticed Robin
  7699 | D:4      | Killed Robin
  7846 | D:4      | Killed Sigmund
  7890 | D:4      | Reached XP level 10. HP: 50/50 MP: 17/27
  7940 | D:4      | Noticed Duvessa
  7943 | D:4      | Noticed Dowan
  7946 | D:4      | Killed Dowan
  7948 | D:4      | Your ally Robin died
  7951 | D:4      | Killed Duvessa
  8204 | D:5      | Killed Menkaure
  8205 | D:5      | Reached skill level 1 in Fighting
  8441 | D:3      | Killed Crazy Yiuf
  8667 | D:9      | Noticed a two-headed ogre
  8673 | D:9      | Killed a two-headed ogre
  8894 | D:9      | Noticed a two-headed ogre
  8902 | D:9      | Killed a two-headed ogre
  8903 | D:9      | Reached skill level 5 in Fighting
  9569 | D:10     | Entered Level 10 of the Dungeon
  9577 | D:9      | Learned a level 4 spell: Dispel Undead
  9820 | D:10     | Reached XP level 11. HP: 67/67 MP: 6/28
  9820 | D:10     | Noticed Grum
 10226 | D:10     | Found a staircase to the Lair.
 10270 | D:10     | Reached skill level 1 in Evocations
 10295 | D:10     | Reached ***** piety under Kikubaaqudgha
 10408 | D:10     | Killed Grum
 10496 | D:10     | Noticed Snorg
 10506 | D:10     | Killed Snorg
 10611 | D:10     | Reached skill level 5 in Dodging
 10944 | D:10     | Found a staircase to the Orcish Mines.
 11055 | D:11     | Reached skill level 5 in Evocations
 11985 | D:11     | Noticed a boulder beetle
 12004 | D:11     | Killed a boulder beetle
 12071 | D:11     | Found a runed translucent gate.
 12072 | D:11     | Found a runed translucent gate.
 12072 | D:11     | Found an opulent altar of Gozag.
 12073 | D:11     | Found a runed translucent gate.
 12074 | D:11     | Noticed tarna41's ghost (journeyman MiBe)
 12074 | D:11     | Noticed a fire dragon
 12074 | D:11     | Noticed a boulder beetle
 12077 | D:11     | Found Yvuycho's Assorted Antiques.
 12523 | Lair:1   | Entered Level 1 of the Lair of Beasts
 12552 | Lair:1   | Noticed Amaemon
 12769 | Lair:1   | Killed Amaemon
 12958 | Lair:1   | Reached XP level 12. HP: 73/73 MP: 23/29
 13739 | Lair:1   | Noticed a five-headed hydra
 13748 | Lair:1   | Killed a five-headed hydra
 14070 | Lair:1   | Noticed a seven-headed hydra
 14075 | Lair:1   | Killed a seven-headed hydra
 14175 | Lair:1   | Found the +1 robe of Vines {NoPotionHeal Regen++++}
 14302 | Lair:2   | Found a frozen archway.
 14426 | IceCv    | Entered an ice cave
 14519 | IceCv    | Found a transporter.
 14533 | IceCv    | Found a transporter.
 15346 | Lair:2   | Found a hole to the Spider Nest.
 15805 | Lair:2   | Noticed an eight-headed hydra
 15813 | Lair:2   | Killed an eight-headed hydra
 15814 | Lair:2   | Reached skill level 2 in Summonings
 16107 | Lair:2   | Reached skill level 3 in Summonings
 16196 | Lair:2   | Found a staircase to the Swamp.
 16312 | Lair:3   | Reached skill level 4 in Summonings
 16533 | Lair:3   | Noticed a catoblepas
 16550 | Lair:3   | Killed a catoblepas
 16555 | Lair:3   | Reached skill level 5 in Summonings
 16718 | Lair:3   | Reached XP level 13. HP: 78/78 MP: 21/33
 16834 | Lair:3   | Reached skill level 6 in Summonings
 16861 | Lair:3   | Reached skill level 7 in Summonings
 17197 | Lair:3   | Reached skill level 8 in Summonings
 17423 | Lair:3   | Found a transporter.
 17425 | Lair:3   | Found a transporter.
 17699 | Lair:3   | Reached skill level 9 in Summonings
 18271 | Lair:4   | Reached ****** piety under Kikubaaqudgha
 18276 | Lair:4   | Reached skill level 10 in Summonings
 18442 | Lair:4   | Received a gift from Kikubaaqudgha
 18454 | Lair:4   | Learned a level 7 spell: Haunt
 18463 | Lair:4   | Learned a level 8 spell: Infestation
 18780 | Lair:4   | Found a viscous altar of Jiyva.
 18827 | Lair:4   | Found a staircase to the Slime Pits.
 19075 | Lair:4   | Reached skill level 11 in Summonings
 19567 | Lair:5   | Entered Level 5 of the Lair of Beasts
 20232 | Lair:5   | Reached skill level 12 in Summonings
 20802 | Lair:5   | Reached skill level 15 in Necromancy
 20814 | Lair:5   | Reached XP level 14. HP: 84/84 MP: 6/34
 20954 | Lair:5   | Identified a scroll of acquirement
 20955 | Lair:5   | Acquired 716 gold pieces
 22068 | Lair:5   | Identified the +4 ring mail "Adacky" {Str+2 Int+3}
 22669 | D:11     | Killed tarna41's ghost
 22794 | D:11     | Bought a scroll labelled VESMIXUOMUA for 30 gold pieces
 22794 | D:11     | Bought an orange potion for 27 gold pieces
 23175 | D:12     | Noticed Urug
 23178 | D:12     | Killed Urug
 23529 | D:12     | Noticed Gastronok
 23536 | D:12     | Killed Gastronok
 24301 | D:12     | Identified the +5 whip of Zeaggeff {heavy, *Noise rPois
                  | rF+++ Str-3}
 24374 | D:13     | Identified the +6 giant club of the Quiescent God {freeze,
                  | +Blink Str+2 Dex+4}
 24375 | D:13     | Found a transporter.
 24376 | D:13     | Noticed bande's ghost (journeyman GrFi)
 24386 | D:13     | Found a transporter.
 24476 | D:13     | Killed bande's ghost
 24482 | D:13     | Reached XP level 15. HP: 88/88 MP: 17/35
 25438 | Orc:1    | Entered Level 1 of the Orcish Mines
 26024 | Orc:1    | Reached skill level 15 in Spellcasting
 26117 | Orc:1    | Reached skill level 1 in Shields
 26547 | Orc:2    | Entered Level 2 of the Orcish Mines
 26547 | Orc:2    | Found Waicloil's Antique Weapon Emporium.
 26596 | Orc:2    | Reached skill level 5 in Shields
 26618 | Orc:2    | Found Jukku Rigiec's Book Shop.
 26631 | Orc:2    | Found a gate leading to a gauntlet.
 26641 | Gauntlet | Entered a Gauntlet
 26641 | Gauntlet | Found a transporter.
 26641 | Gauntlet | Found a transporter.
 26641 | Gauntlet | Found a transporter.
 26737 | Gauntlet | Found a transporter.
 26740 | Gauntlet | Found a transporter.
 26751 | Gauntlet | Found a transporter.
 26751 | Gauntlet | Found a transporter.
 26758 | Gauntlet | Found a runed translucent door.
 26761 | Gauntlet | Found a transporter.
 26773 | Gauntlet | Found a large runed translucent door.
 26774 | Gauntlet | Found a large runed translucent door.
 26775 | Gauntlet | Found a large runed translucent door.
 26775 | Gauntlet | Found a large runed translucent door.
 26776 | Gauntlet | Found a runed translucent gate.
 26777 | Gauntlet | Found a transporter.
 26777 | Gauntlet | Found a runed translucent gate.
 26778 | Gauntlet | Found a runed translucent gate.
 26779 | Gauntlet | Found a large runed translucent door.
 26779 | Gauntlet | Found a large runed translucent door.
 26780 | Gauntlet | Found a large runed translucent door.
 26781 | Gauntlet | Found a large runed translucent door.
 26790 | Gauntlet | Found a large runed translucent door.
 26790 | Gauntlet | Found a large runed translucent door.
 26790 | Gauntlet | Found a runed translucent door.
 26790 | Gauntlet | Found a runed translucent door.
 26791 | Gauntlet | Found a large runed translucent door.
 26792 | Gauntlet | Found a large runed translucent door.
 26794 | Gauntlet | Found a transporter.
 26797 | Gauntlet | Found a transporter.
 26807 | Gauntlet | Found a transporter.
 26859 | Gauntlet | Found a large runed translucent door.
 26860 | Gauntlet | Found a large runed translucent door.
 26861 | Gauntlet | Found a large runed translucent door.
 26861 | Gauntlet | Found a large runed translucent door.
 26899 | Gauntlet | Identified the amulet "Geeg" {rPois rC+ Regen+ Int+4}
 27146 | Gauntlet | Identified the +2 pair of boots of the Harvest Moon {*Slow
                  | rC+ Dex+3}
 27174 | Gauntlet | Identified the +5 quarterstaff of Perfectionism {venom,
                  | Int+3}
 27386 | Orc:2    | Found Ocuivef's Antique Armour Emporium.
 27465 | Orc:2    | Found a staircase to the Elven Halls.
 27479 | Orc:2    | Found Ybople's General Store.
 27493 | Orc:2    | Bought a scroll of enchant armour for 75 gold pieces
 27493 | Orc:2    | Bought a scroll of fear for 40 gold pieces
 27494 | Orc:2    | Bought a potion of ambrosia for 80 gold pieces
 27498 | Orc:2    | Found Decutag's Distillery.
 27508 | Orc:2    | Bought a potion of haste for 150 gold pieces
 27508 | Orc:2    | Bought a potion of invisibility for 120 gold pieces
 28786 | D:14     | Acquired the ring of Xaub {rF+ MP+9 AC+4 Str-2 Int+8}
 29009 | D:14     | Noticed Azrael
 29013 | D:14     | Killed Azrael
 29861 | D:14     | Found a gate to the Vaults.
 29870 | D:14     | Identified the +0 buckler of the Wasteland {rPois rF+
                  | Stlth+}
 30042 | D:15     | Entered Level 15 of the Dungeon
 30042 | D:15     | Found a bloodstained altar of Trog.
 30106 | D:15     | Found a staircase to the Depths.
 30277 | D:15     | Reached XP level 16. HP: 93/93 MP: 10/39
 31556 | D:15     | Upgraded the game from 0.30-a0-772-g5528072125 to
                  | 0.30-a0-777-ga9a30cbeda
 31793 | Swamp:1  | Entered Level 1 of the Swamp
 31820 | Swamp:1  | Noticed Louise
 31828 | Swamp:1  | Killed Louise
 31854 | Swamp:1  | Reached skill level 5 in Conjurations
 32032 | Swamp:1  | Your ally Louise died
 32197 | Swamp:1  | Learned a level 6 spell: Iron Shot
 32206 | Swamp:1  | Learned a level 7 spell: Spellforged Servitor
 32483 | Swamp:1  | Noticed Frances
 32489 | Swamp:1  | Killed Frances
 32734 | Swamp:2  | Reached skill level 10 in Conjurations
 32799 | Swamp:2  | Noticed Enkazo Toplu's ghost (adept AtWr)
 32799 | Swamp:2  | Noticed a thorn hunter
 32941 | Swamp:2  | Found a runed translucent gate.
 32941 | Swamp:2  | Found a runed translucent gate.
 32941 | Swamp:2  | Found a runed translucent gate.
 33443 | Swamp:2  | Killed a thorn hunter
 33447 | Swamp:2  | Killed Enkazo Toplu's ghost
 34929 | Swamp:4  | Entered Level 4 of the Swamp
 34971 | Swamp:4  | Reached XP level 17. HP: 97/97 MP: 14/43
 34976 | Swamp:4  | Acquired the ring "Fumax" {Fly Int+5}
 35001 | Swamp:4  | Reached skill level 1 in Fire Magic
 35061 | Swamp:4  | Reached skill level 5 in Fire Magic
 35116 | Swamp:4  | Got a decaying rune of Zot
 35787 | Spider:1 | Entered Level 1 of the Spider Nest
 36010 | Spider:1 | Noticed Aizul
 36022 | Spider:1 | Killed Aizul
 36605 | Spider:1 | Reached skill level 10 in Fire Magic
 38917 | Spider:3 | Reached XP level 18. HP: 103/103 MP: 28/44
 40014 | Spider:4 | Entered Level 4 of the Spider Nest
 40179 | Spider:3 | Learned a level 8 spell: Ignition
 40651 | Spider:4 | Reached skill level 15 in Fire Magic
 41083 | Spider:4 | Found the +2 hat of the Bear Spirit {Spirit, Bear, *Rage
                  | Will++}
 41109 | Spider:4 | Got a gossamer rune of Zot
 41710 | Elf:1    | Entered Level 1 of the Elven Halls
 41844 | Elf:1    | Paralysed by an air elemental for 1 turns
 42048 | Elf:1    | Paralysed by an air elemental for 1 turns
 42313 | Elf:1    | Found a runed translucent gate.
 42313 | Elf:1    | Found a runed translucent gate.
 42315 | Elf:1    | Found a runed translucent gate.
 42317 | Elf:1    | Noticed Hisewn's ghost (adept DsHu)
 43450 | Elf:1    | Killed Hisewn's ghost
 43546 | Elf:2    | Noticed Zenata
 44171 | Elf:2    | Found a runed translucent gate.
 44172 | Elf:2    | Found a runed translucent gate.
 44172 | Elf:2    | Found a runed translucent gate.
 44235 | Elf:2    | Reached XP level 19. HP: 58/107 MP: 4/47
 44484 | Elf:2    | Killed Zenata
 45616 | Elf:2    | Learned a level 8 spell: Necromutation
 45617 | Elf:3    | Entered Level 3 of the Elven Halls
 45857 | Elf:3    | Paralysed by an air elemental for 1 turns
 46664 | Vaults:1 | Entered Level 1 of the Vaults
 46805 | Vaults:1 | Reached skill level 5 in Transmutations
 47978 | Vaults:1 | Reached skill level 10 in Transmutations
 48104 | Vaults:1 | Acquired the Elucidation of the Airy Stinger
 48729 | Vaults:2 | Found a staircase to the Crypt.
 48857 | Vaults:2 | Reached XP level 20. HP: 90/116 MP: 20/49
 48859 | Vaults:2 | Learned a level 1 spell: Apportation
 49002 | Vaults:2 | Reached skill level 10 in Fighting
 49211 | Vaults:2 | Found a runed translucent door.
 49211 | Vaults:2 | Noticed Iich's ghost (adept HOFi)
 49249 | Vaults:2 | Killed Iich's ghost
 49845 | Vaults:2 | Got the Secrets of the Wayfarer
 50533 | Vaults:3 | Found Taimm's Jewellery Emporium.
 50541 | Vaults:3 | Bought the amulet of Laolut {RegenMP +Inv Regen+ rCorr
                  | Dex-2} for 635 gold pieces
 50798 | Vaults:3 | Found a huge runed gate.
 50798 | Vaults:3 | Found a huge runed gate.
 50798 | Vaults:3 | Found a huge runed gate.
 50799 | Vaults:3 | Found a huge runed gate.
 50799 | Vaults:3 | Found a huge runed gate.
 50804 | Vaults:3 | Found a huge runed gate.
 50804 | Vaults:3 | Found a huge runed gate.
 50805 | Vaults:3 | Found a huge runed gate.
 50807 | Vaults:3 | Found a huge runed gate.
 50856 | Vaults:3 | Identified the +1 scale mail of Evolution {rCorr}
 50865 | Vaults:3 | Found a huge runed gate.
 50903 | Vaults:3 | Found a huge runed gate.
 50903 | Vaults:3 | Found a huge runed gate.
 50903 | Vaults:3 | Found a huge runed gate.
 50903 | Vaults:3 | Found a huge runed gate.
 50903 | Vaults:3 | Found a huge runed gate.
 50903 | Vaults:3 | Found a huge runed gate.
 50904 | Vaults:3 | Found a huge runed gate.
 50905 | Vaults:3 | Found a huge runed gate.
 50906 | Vaults:3 | Found a huge runed gate.
 50914 | Vaults:3 | Found a huge runed gate.
 50914 | Vaults:3 | Found a huge runed gate.
 50914 | Vaults:3 | Found a huge runed gate.
 50914 | Vaults:3 | Found a huge runed gate.
 50914 | Vaults:3 | Found a huge runed gate.
 50914 | Vaults:3 | Found a huge runed gate.
 50915 | Vaults:3 | Found a huge runed gate.
 50916 | Vaults:3 | Found a huge runed gate.
 50918 | Vaults:3 | Found a huge runed gate.
 51044 | Vaults:3 | Found a huge runed gate.
 51044 | Vaults:3 | Found a huge runed gate.
 51044 | Vaults:3 | Found a huge runed gate.
 51044 | Vaults:3 | Found a huge runed gate.
 51044 | Vaults:3 | Found a huge runed gate.
 51044 | Vaults:3 | Found a huge runed gate.
 51045 | Vaults:3 | Found a huge runed gate.
 51046 | Vaults:3 | Found a huge runed gate.
 51401 | Vaults:3 | Found a runed translucent door.
 51401 | Vaults:3 | Noticed HilariousDeathArtist's ghost (veteran GnMo)
 51841 | Vaults:3 | Noticed a golden dragon
 51848 | Vaults:3 | Killed a golden dragon
 52030 | Vaults:3 | Killed HilariousDeathArtist's ghost
 52546 | Vaults:4 | Identified the +5 scale mail "Tiublaja" {Harm rCorr}
 52951 | Vaults:4 | Reached XP level 21. HP: 132/132 MP: 46/50
 53511 | Slime:1  | Entered Level 1 of the Pits of Slime
 53517 | Slime:1  | Upgraded the game from 0.30-a0-777-ga9a30cbeda to
                  | 0.30-a0-778-g2ef04afb54
 53738 | Slime:2  | Noticed Dissolution
 53745 | Slime:2  | Killed Dissolution
 53786 | Slime:2  | Reached skill level 15 in Fighting
 54449 | Slime:5  | Entered Level 5 of the Pits of Slime
 54627 | Slime:5  | Reached skill level 13 in Summonings
 54632 | Slime:5  | Noticed the Royal Jelly
 54635 | Slime:5  | Killed the Royal Jelly
 54688 | Slime:5  | Got a slimy rune of Zot
 54731 | Slime:5  | Identified the +1 scimitar of Licarius {flame, +Blink rElec
                  | rF+}
 54793 | Slime:5  | Identified the +0 chain mail of Henotheism {+Inv rElec
                  | Int+4}
 54797 | Slime:5  | Identified the +6 hand axe of Recklessness {heavy, rElec
                  | Dex+4}
 55379 | Elf:3    | Reached skill level 14 in Summonings
 55410 | Elf:3    | Reached skill level 15 in Summonings
 55472 | Elf:3    | Identified the +6 morningstar "Kouxuicw" {heavy, Int+3}
 55531 | Elf:3    | Identified the +7 halberd of Anger {flame, rElec rPois rF-
                  | Str-3}
 56033 | Depths:1 | Entered Level 1 of the Depths
 56161 | Depths:1 | Reached XP level 22. HP: 130/140 MP: 15/53
 56163 | Depths:1 | Reached skill level 16 in Summonings
 56213 | Depths:1 | Found a one-way gate leading to the halls of Pandemonium.
 56249 | Depths:1 | Found an iron altar of Okawaru.
 56311 | Depths:1 | You are sucked into a shaft and drop 1 floor!
 56314 | Depths:2 | Found a stormy altar of Qazlal.
 56358 | Depths:2 | Reached skill level 17 in Summonings
 56704 | Depths:2 | Found a one-way gateway to a ziggurat.
 56820 | Depths:2 | Identified the +5 scale mail of Otwemukoi {Str-5 Dex+5}
 56822 | Depths:2 | Reached skill level 18 in Summonings
 57091 | Depths:2 | Found a broken altar of Ashenzari.
 57173 | Depths:2 | Acquired a book of Winter
 57183 | Depths:2 | Learned a level 6 spell: Simulacrum
 57188 | Depths:2 | Found a gateway to Hell.
 57497 | Depths:3 | Found a corrupted altar of Lugonu.
 57497 | Depths:3 | Found a one-way gate to the infinite horrors of the Abyss.
 57527 | Depths:3 | Found a radiant altar of Vehumet.
 57545 | Depths:3 | Noticed Frederick
 57553 | Depths:3 | Killed Frederick
 57563 | Depths:3 | Noticed Boris
 57571 | Depths:3 | Killed Boris
 57572 | Depths:3 | Reached skill level 5 in Ice Magic
 57946 | Depths:3 | Found a burning altar of Makhleb.
 58732 | Depths:3 | Reached XP level 23. HP: 144/144 MP: 55/55
 58884 | Depths:3 | Voluntarily entered the Abyss.
 58915 | Depths:3 | Escaped the Abyss
 58927 | Depths:3 | Voluntarily entered the Abyss.
 58969 | Abyss:2  | Found a corrupted altar of Lugonu.
 59002 | Abyss:2  | Found a corrupted altar of Lugonu.
 59055 | Depths:3 | Escaped the Abyss
 59070 | Depths:3 | Voluntarily entered the Abyss.
 59118 | Abyss:2  | Found a corrupted altar of Lugonu.
 59243 | Abyss:3  | Found a corrupted altar of Lugonu.
 59272 | Abyss:3  | Found a corrupted altar of Lugonu.
 59284 | Abyss:3  | Found a corrupted altar of Lugonu.
 59431 | Abyss:3  | Reached skill level 19 in Summonings
 59537 | Abyss:3  | Found a transporter.
 59551 | Abyss:3  | Reached XP level 24. HP: 121/150 MP: 17/55
 59583 | Abyss:3  | Found a transporter.
 59588 | Abyss:3  | Got an abyssal rune of Zot
 59739 | Depths:3 | Escaped the Abyss
 59764 | Depths:4 | Entered Level 4 of the Depths
 59829 | Depths:4 | Reached skill level 20 in Summonings
 59917 | Depths:4 | Learned a level 9 spell: Dragon's Call
 59920 | Depths:4 | Found a gate to the Realm of Zot.
 60045 | Depths:4 | Found Piawuym's Antique Armour Shop.
 60049 | Depths:4 | Found Zazuk's Weapon Shop.
 60371 | Depths:4 | Found a sacrificial altar of Ru.
 60463 | Depths:4 | Reached skill level 21 in Summonings
 60821 | Depths:4 | Found a glowing golden altar of the Shining One.
 60951 | Depths:1 | Found a runed translucent door.
 60956 | Depths:1 | Noticed Gemnonof's ghost (adept DgCj)
 61059 | Depths:1 | Killed Gemnonof's ghost
 61216 | Depths:1 | Found a white marble altar of Elyvilon.
 61625 | Crypt:1  | Entered Level 1 of the Crypt
 61669 | Crypt:1  | Identified the +8 scimitar of Wiotyah {distort, rF+ SInv}
 61671 | Crypt:1  | Reached skill level 22 in Summonings
 62429 | Crypt:2  | Noticed Boris
 62434 | Crypt:2  | Killed Boris
 62487 | Crypt:2  | Found a magical portal.
 62493 | WizLab   | Entered Lehudib's Moon Base
 62550 | WizLab   | Reached skill level 23 in Summonings
 62682 | WizLab   | Found a transporter.
 62736 | WizLab   | Found a transporter.
 62742 | WizLab   | Identified the +2 robe "Xamup" {rC+ Slay+6}
 62743 | WizLab   | Identified the ring "Conoy" {rF+ rN+}
 62746 | WizLab   | Identified the +0 plate armour "Cycloeqo" {+Blink rC+}
 62861 | WizLab   | Reached skill level 24 in Summonings
 62861 | WizLab   | Reached XP level 25. HP: 151/155 MP: 5/55
 62979 | WizLab   | Got The Intricacies of the Mind of the Magus
 63327 | WizLab   | Identified the ring of Zetan {Fire rPois Int+3 Dex+2}
 63693 | Crypt:2  | Learned a level 2 spell: Sublimation of Blood
 64309 | Crypt:3  | Entered Level 3 of the Crypt
 64400 | Crypt:3  | Found a runed translucent door.
 64401 | Crypt:3  | Found a shimmering altar of Xom.
 64401 | Crypt:3  | Noticed Bavo's ghost (adept GrFi)
 64419 | Crypt:3  | Reached skill level 25 in Summonings
 64444 | Crypt:3  | Gained mutation: Armour fits poorly on your strangely
                  | shaped body. [mutagenic glow]
 64452 | Crypt:3  | Gained mutation: Your body sometimes deteriorates upon
                  | taking damage. [mutagenic glow]
 64460 | Crypt:3  | Gained mutation: You do not regenerate when monsters are
                  | visible. [mutagenic glow]
 64828 | Crypt:3  | Identified the +8 short sword of the Vestibule of Hell
                  | {heavy, Dex+4}
 65012 | Crypt:3  | Reached skill level 26 in Summonings
 65014 | Crypt:3  | Lost mutation: Your body sometimes deteriorates upon taking
                  | damage. [potion of mutation]
 65014 | Crypt:3  | Lost mutation: Armour fits poorly on your strangely shaped
                  | body. [potion of mutation]
 65014 | Crypt:3  | Gained mutation: You expend magic power (3 MP) to
                  | strengthen your wands. [potion of mutation]
 65014 | Crypt:3  | Gained mutation: You are partially covered in iridescent
                  | scales. (AC +2) [potion of mutation]
 65016 | Crypt:3  | Lost mutation: You are partially covered in iridescent
                  | scales. (AC +2) [potion of mutation]
 65016 | Crypt:3  | Lost mutation: You do not regenerate when monsters are
                  | visible. [potion of mutation]
 65016 | Crypt:3  | Lost mutation: You expend magic power (3 MP) to strengthen
                  | your wands. [potion of mutation]
 65016 | Crypt:3  | Gained mutation: You occasionally lose the ability to drink
                  | potions when taking damage. [potion of mutation]
 65016 | Crypt:3  | Gained mutation: You are strong-willed. (Will+) [potion of
                  | mutation]
 65017 | Crypt:3  | Lost mutation: You are strong-willed. (Will+) [potion of
                  | mutation]
 65017 | Crypt:3  | Lost mutation: You occasionally lose the ability to drink
                  | potions when taking damage. [potion of mutation]
 65017 | Crypt:3  | Gained mutation: You occasionally lose the ability to read
                  | scrolls when taking damage. [potion of mutation]
 65056 | Crypt:3  | Lost mutation: You occasionally lose the ability to read
                  | scrolls when taking damage. [potion of mutation]
 65056 | Crypt:3  | Gained mutation: You occasionally lose the ability to read
                  | scrolls when taking damage. [potion of mutation]
 65056 | Crypt:3  | Gained mutation: You are resistant to electric shocks.
                  | (rElec) [potion of mutation]
 65056 | Crypt:3  | Gained mutation: Your magical capacity is low. (-10% MP)
                  | [potion of mutation]
 65056 | Crypt:3  | Gained mutation: Your muscles are strong. (Str +4, Int/Dex
                  | -1) [potion of mutation]
 65090 | Crypt:3  | Lost mutation: You occasionally lose the ability to read
                  | scrolls when taking damage. [potion of mutation]
 65090 | Crypt:3  | Lost mutation: You are resistant to electric shocks.
                  | (rElec) [potion of mutation]
 65090 | Crypt:3  | Gained mutation: You have a pair of small horns on your
                  | head. [potion of mutation]
 65090 | Crypt:3  | Gained mutation: Your mind is acute. (Int +4, Str/Dex -1)
                  | [potion of mutation]
 65091 | Crypt:3  | Lost mutation: Your mind is acute. (Int +4, Str/Dex -1)
                  | [potion of mutation]
 65091 | Crypt:3  | Lost mutation: You have a pair of small horns on your head.
                  | [potion of mutation]
 65091 | Crypt:3  | Lost mutation: Your muscles are strong. (Str +4, Int/Dex
                  | -1) [potion of mutation]
 65091 | Crypt:3  | Gained mutation: You are somewhat resistant to further
                  | mutation. [potion of mutation]
 65092 | Crypt:3  | Lost mutation: You are somewhat resistant to further
                  | mutation. [potion of mutation]
 65092 | Crypt:3  | Lost mutation: Your magical capacity is low. (-10% MP)
                  | [potion of mutation]
 65092 | Crypt:3  | Gained mutation: You have hidden genetic potential. [potion
                  | of mutation]
 65092 | Crypt:3  | Gained mutation: You are clumsy. (Dex -2) [potion of
                  | mutation]
 65092 | Crypt:3  | Gained mutation: You are resistant to electric shocks.
                  | (rElec) [potion of mutation]
 65127 | Crypt:3  | Found a basalt altar of Yredelemnul.
 65131 | Crypt:3  | Found an ancient bone altar of Kikubaaqudgha.
 65161 | Crypt:3  | Got the Incunabulum of Evil
 65210 | Crypt:3  | Identified the ring of Yvaleurph {rF- rN+ rCorr Str+3}
 65210 | Crypt:3  | Identified the ring of Xom's Flight of Fancy {Fly rC+ rN+
                  | Dex+3 Slay+3}
 65215 | Crypt:3  | Identified the +5 dagger of the Unseen Realm {freeze, Int+4
                  | Dex+2}
 65396 | Crypt:3  | Found a staircase to the Tomb.
 65466 | Crypt:3  | Found an ancient bone altar of Kikubaaqudgha.
 65709 | Crypt:3  | Killed Bavo's ghost
 65719 | Crypt:3  | Identified the +7 rapier of the Little People {drain,
                  | Dex+3}
 66130 | Zot:1    | Entered Level 1 of the Realm of Zot
 66130 | Zot:1    | Noticed Vv
 66144 | Zot:1    | Killed Vv
 66257 | Zot:1    | Found an ornate altar of the Wu Jian Council.
 66288 | Zot:1    | Found the +0 mask of the Dragon {Will+ Slay+3 SInv}
 66296 | Zot:1    | Reached skill level 27 in Summonings
 66362 | Zot:1    | Noticed an orb of fire
 66374 | Zot:1    | Gained mutation: Your spells are a little easier to cast,
                  | but a little less powerful. [an orb of fire]
 66378 | Zot:1    | Killed an orb of fire
 66588 | Zot:1    | Reached skill level 10 in Dodging
 66850 | Zot:1    | Identified the +0 dagger of Venisah {flame, rF+ Str-4 SInv}
 67102 | Zot:2    | Reached XP level 26. HP: 149/155 MP: 48/55
 69291 | Zot:4    | Reached skill level 15 in Dodging
 69306 | Zot:4    | Gained mutation: Your muscles are strong. (Str +4, Int/Dex
                  | -1) [hidden potential]
 69841 | Zot:4    | Identified the +6 scimitar of the Vaults {drain, Dex+3}
 70002 | Zot:5    | Entered Level 5 of the Realm of Zot
 70103 | Zot:5    | Noticed a dread lich
 70106 | Zot:5    | Killed a dread lich
 70108 | Zot:5    | Noticed an orb of fire
 70111 | Zot:5    | Noticed an ancient lich
 70113 | Zot:5    | Reached skill level 10 in Evocations
 70115 | Zot:5    | Killed an orb of fire
 70116 | Zot:5    | Killed an ancient lich
 70117 | Zot:5    | Noticed an orb of fire
 70117 | Zot:5    | Noticed an ancient lich
 70120 | Zot:5    | Noticed an orb of fire
 70124 | Zot:5    | Killed an ancient lich
 70124 | Zot:5    | Killed an orb of fire
 70129 | Zot:5    | Killed an orb of fire
 70140 | Zot:5    | Reached XP level 27. HP: 89/170 MP: 26/55
 70192 | Zot:5    | Noticed an orb of fire
 70201 | Zot:5    | Killed an orb of fire
 70201 | Zot:5    | Noticed an orb of fire
 70201 | Zot:5    | Noticed an orb of fire
 70207 | Zot:5    | Noticed an ancient lich
 70207 | Zot:5    | Noticed an orb of fire
 70208 | Zot:5    | Noticed an ancient lich
 70325 | Zot:5    | Killed an ancient lich
 70327 | Zot:5    | Killed an orb of fire
 70389 | Zot:5    | Killed an orb of fire
 70656 | Zot:5    | Killed an orb of fire
 70678 | Zot:5    | Killed an ancient lich
 71557 | Vaults:5 | Entered Level 5 of the Vaults
 71565 | Vaults:5 | Noticed an ancient lich
 71580 | Vaults:4 | Gained mutation: You passively map a small area around you.
                  | [hidden potential]
 71580 | Vaults:4 | Lost mutation: You have hidden genetic potential. [hidden
                  | potential expressed]
 71588 | Vaults:4 | Lost mutation: Your spells are a little easier to cast, but
                  | a little less powerful. [potion of mutation]
 71588 | Vaults:4 | Lost mutation: You are clumsy. (Dex -2) [potion of
                  | mutation]
 71588 | Vaults:4 | Lost mutation: You are resistant to electric shocks.
                  | (rElec) [potion of mutation]
 71588 | Vaults:4 | Gained mutation: You have large cloven feet. [potion of
                  | mutation]
 71588 | Vaults:4 | Gained mutation: You possess an exceptional clarity of
                  | mind. [potion of mutation]
 71588 | Vaults:4 | Gained mutation: Your magical capacity is low. (-10% MP)
                  | [potion of mutation]
 71672 | Vaults:5 | Reached skill level 15 in Evocations
 71690 | Vaults:5 | Noticed an ancient lich
 71696 | Vaults:5 | Killed an ancient lich
 71697 | Vaults:5 | Reached skill level 1 in Throwing
 71798 | Vaults:5 | Identified the ring "Qihaxy" {rElec rF+ Int+3}
 71828 | Vaults:5 | Identified the ring "Hyugrade" {rCorr Dex+4}
 71833 | Vaults:5 | Reached skill level 5 in Throwing
 71866 | Vaults:5 | Noticed an ancient lich
 71875 | Vaults:5 | Killed an ancient lich
 71944 | Vaults:5 | Noticed an ancient lich
 71951 | Vaults:5 | Killed an ancient lich
 72012 | Vaults:5 | Got a silver rune of Zot
 72566 | Vaults:5 | Got the Compilation of the Telluric Blink Frog
 72579 | Vaults:5 | Killed an ancient lich
 73001 | Vaults:5 | Reached skill level 10 in Throwing
 73108 | Vaults:5 | Found the dreamshard necklace {*Dream Drain}
 73533 | Orc:2    | Bought 2 potions of curing for 90 gold pieces
 73533 | Orc:2    | Bought a potion of curing for 45 gold pieces
 73533 | Orc:2    | Bought a potion of might for 60 gold pieces
 73533 | Orc:2    | Bought a potion of curing for 45 gold pieces
 73533 | Orc:2    | Bought a potion of mutation for 120 gold pieces
 73683 | Lair:3   | Noticed Kithraux's ghost (journeyman TrAr)
 73700 | Lair:3   | Killed Kithraux's ghost
 73701 | Lair:3   | Reached skill level 1 in Armour
 74087 | Vaults:5 | Lost mutation: You have large cloven feet. [potion of
                  | mutation]
 74087 | Vaults:5 | Lost mutation: Your muscles are strong. (Str +4, Int/Dex
                  | -1) [potion of mutation]
 74087 | Vaults:5 | Lost mutation: You possess an exceptional clarity of mind.
                  | [potion of mutation]
 74087 | Vaults:5 | Gained mutation: You expend magic power (3 MP) to
                  | strengthen your wands. [potion of mutation]
 74087 | Vaults:5 | Gained mutation: You sometimes lose your temper in combat.
                  | [potion of mutation]
 74395 | Pan      | Entered Pandemonium
 74432 | Pan      | Entered the realm of Lom Lobon.
 74578 | Pan      | Noticed Lom Lobon
 74628 | Pan      | Killed Lom Lobon
 74629 | Pan      | Reached skill level 5 in Armour
 74655 | Pan      | Got a magical rune of Zot
 74757 | Pan      | Entered the realm of Cerebov.
 74758 | Pan      | Upgraded the game from 0.30-a0-778-g2ef04afb54 to
                  | 0.30-a0-782-ge64f9170bb
 74986 | Pan      | Found the +6 sword of Cerebov {flame}
 74986 | Pan      | Noticed Cerebov
 75002 | Pan      | Killed Cerebov
 75012 | Pan      | Got a fiery rune of Zot
 75043 | Pan      | Identified the +1 ring mail "Hajisk" {rPois rC+++ Will-
                  | Dex-3}
 75055 | Pan      | Identified the +2 trident of the People {flame, Int+5
                  | Dex-2}
 75077 | Pan      | Got the Parchment of Doomed Teratogeny
 75087 | Pan      | Identified the +9 plate armour of the Shore {MP+9}
 75092 | Pan      | Identified the +2 robe of the Present {rC++ Stlth+}
 75159 | Pan      | Identified the +6 sling of Valiance {speed, rElec}
 75239 | Pan      | Found an exit through the horrors of the Abyss.
 75251 | Pan      | Took an exit into the Abyss.
 75251 | Abyss:3  | Escaped into the Abyss
 75260 | Abyss:3  | Found an opulent altar of Gozag.
 75273 | Abyss:3  | Found a corrupted altar of Lugonu.
 75328 | Abyss:3  | Found a corrupted altar of Lugonu.
 75409 | Depths:1 | Escaped the Abyss
 75428 | Pan      | Entered Pandemonium
 75510 | Pan      | Found an exit through the horrors of the Abyss.
 75532 | Pan      | Identified the +4 shortbow of Beulumoq {flame, rPois}
 75558 | Pan      | Noticed Toteivvi the pandemonium lord
 75564 | Pan      | Killed Toteivvi the pandemonium lord
 75565 | Pan      | Reached skill level 5 in Stealth
 75796 | Pan      | Identified the ring "Pohog" {Ice Int+4 SInv}
 75799 | Pan      | Got a demonic rune of Zot
 75800 | Pan      | Identified the +8 rapier "Undertaker" {holy, rElec rC+}
 75906 | Depths:1 | Escaped Pandemonium
 75917 | Pan      | Entered the realm of Gloorx Vloq.
 75917 | Pan      | Entered Pandemonium
 76000 | Pan      | Reached skill level 10 in Stealth
 76223 | Pan      | Reached skill level 1 in Staves
 76253 | Pan      | Noticed Gloorx Vloq
 76261 | Pan      | Killed Gloorx Vloq
 76270 | Pan      | Reached skill level 5 in Staves
 76281 | Pan      | Got a dark rune of Zot
 76374 | Pan      | Found an exit through the horrors of the Abyss.
 76503 | Pan      | Noticed Uzat the pandemonium lord
 76524 | Pan      | Killed Uzat the pandemonium lord
 76533 | Pan      | Acquired 615 gold pieces
 76589 | Depths:1 | Escaped Pandemonium
 76608 | Pan      | Entered the realm of Mnoleg.
 76608 | Pan      | Entered Pandemonium
 76699 | Pan      | Noticed Mnoleg
 76707 | Pan      | Killed Mnoleg
 76773 | Pan      | Got a glowing rune of Zot
 76809 | Pan      | Gained mutation: You are frail. (-10% HP) [a neqoxec]
 76813 | Pan      | Reached skill level 10 in Staves
 77033 | Depths:1 | Escaped Pandemonium
 77035 | Depths:1 | Lost mutation: Your magical capacity is low. (-10% MP)
                  | [potion of mutation]
 77035 | Depths:1 | Lost mutation: You are frail. (-10% HP) [potion of
                  | mutation]
 77035 | Depths:1 | Gained mutation: You occasionally lose the ability to read
                  | scrolls when taking damage. [potion of mutation]
 77035 | Depths:1 | Lost mutation: You occasionally lose the ability to read
                  | scrolls when taking damage. [potion of mutation]
 77035 | Depths:1 | Gained mutation: You have large cloven feet. [potion of
                  | mutation]
 77393 | Tomb:1   | Entered Level 1 of the Tomb of the Ancients
 77512 | Tomb:1   | Noticed a royal mummy
 77515 | Tomb:1   | Killed a royal mummy
 77536 | Tomb:1   | Noticed a royal mummy
 77538 | Tomb:1   | Noticed a royal mummy
 77541 | Tomb:1   | Killed a royal mummy
 77545 | Tomb:1   | Killed a royal mummy
 77623 | Tomb:2   | Noticed a royal mummy
 77625 | Tomb:2   | Noticed a royal mummy
 77632 | Tomb:2   | Noticed a royal mummy
 77632 | Tomb:2   | Noticed a royal mummy
 77643 | Tomb:2   | Killed a royal mummy
 77659 | Tomb:2   | Killed a royal mummy
 77661 | Tomb:2   | Killed a royal mummy
 77661 | Tomb:2   | Killed a royal mummy
 78053 | Tomb:1   | Noticed a royal mummy
 78059 | Tomb:1   | Noticed a royal mummy
 78060 | Tomb:1   | Killed a royal mummy
 78063 | Tomb:1   | Killed a royal mummy
 78064 | Tomb:1   | Noticed a royal mummy
 78070 | Tomb:1   | Killed a royal mummy
 78071 | Tomb:1   | Reached skill level 15 in Transmutations
 78072 | Tomb:1   | Noticed a royal mummy
 78079 | Tomb:1   | Noticed a royal mummy
 78082 | Tomb:1   | Noticed a royal mummy
 78910 | Tomb:1   | Noticed a royal mummy
 78914 | Tomb:1   | Killed a royal mummy
 78914 | Tomb:1   | Killed a royal mummy
 78925 | Tomb:1   | Killed a royal mummy
 78927 | Tomb:1   | Killed a royal mummy
 79043 | Tomb:1   | Noticed a royal mummy
 79046 | Tomb:1   | Killed a royal mummy
 79080 | Tomb:1   | Noticed a royal mummy
 79081 | Tomb:1   | Noticed a royal mummy
 79089 | Tomb:1   | Killed a royal mummy
 79097 | Tomb:1   | Noticed a royal mummy
 79097 | Tomb:1   | Noticed a royal mummy
 79098 | Tomb:1   | Noticed a royal mummy
 79100 | Tomb:1   | Killed a royal mummy
 79100 | Tomb:1   | Killed a royal mummy
 79101 | Tomb:1   | Killed a royal mummy
 79101 | Tomb:1   | Killed a royal mummy
 79273 | Tomb:1   | Noticed a royal mummy
 79277 | Tomb:1   | Killed a royal mummy
 79306 | Tomb:1   | Noticed a royal mummy
 79313 | Tomb:1   | Killed a royal mummy
 79485 | Tomb:3   | Entered Level 3 of the Tomb of the Ancients
 79514 | Tomb:3   | Noticed a royal mummy
 79534 | Tomb:3   | Killed a royal mummy
 79536 | Tomb:3   | Noticed Boris
 79538 | Tomb:3   | Killed Boris
 79539 | Tomb:3   | Noticed a royal mummy
 79539 | Tomb:3   | Noticed a royal mummy
 79556 | Tomb:3   | Killed a royal mummy
 79559 | Tomb:3   | Killed a royal mummy
 79576 | Tomb:3   | Noticed a royal mummy
 79580 | Tomb:3   | Killed a royal mummy
 79583 | Tomb:3   | Noticed a royal mummy
 79590 | Tomb:3   | Killed a royal mummy
 79669 | Tomb:3   | Noticed a royal mummy
 79674 | Tomb:3   | Killed a royal mummy
 79678 | Tomb:3   | Noticed a royal mummy
 79682 | Tomb:3   | Killed a royal mummy
 79692 | Tomb:3   | Noticed a royal mummy
 79698 | Tomb:3   | Killed a royal mummy
 79700 | Tomb:3   | Noticed a royal mummy
 79706 | Tomb:3   | Killed a royal mummy
 79729 | Tomb:3   | Got a golden rune of Zot
 79793 | Tomb:3   | Identified the +0 pair of boots of Hauffat {Rampage}
 79817 | Tomb:3   | Identified the +3 short sword of Topept {heavy, rElec Dex-2
                  | Stlth+}
 79819 | Tomb:3   | Identified the ring of the Morning {Wiz rC+ MP+9}
 79828 | Tomb:3   | Got the Commentary on the Catacomb and Destruction
 79904 | Tomb:3   | Identified the +1 arbalest of Doomed Reinforcement
                  | {antimagic, rPois rF++ Str+2 Int-4}
 79906 | Tomb:3   | Identified the +9 great sword of Qazlal {holy, rPois Str+8
                  | Int-3 Dex-3}
 79909 | Tomb:3   | Identified the +10 flail of Gyonekyac {elec, rF+ rC+
                  | Stlth+}
 79916 | Tomb:3   | Identified the +3 leather armour "Vyiklueq" {Rampage rPois
                  | Stlth+}
 79927 | Tomb:3   | Identified the ring "Wocwogaa" {Ice rElec rCorr}
 80475 | Hell     | Entered the Vestibule of Hell
 80475 | Hell     | Noticed Geryon
 80487 | Hell     | Killed Geryon
 80490 | Hell     | Paralysed by a wendigo for 1 turns
 80561 | Hell     | Found a gateway to the ashen valley of Gehenna.
 80591 | Hell     | Found a gateway to the Iron City of Dis.
 80603 | Hell     | Found a gateway to the freezing wastes of Cocytus.
 80657 | Hell     | Found a gateway to the decaying netherworld of Tartarus.
 80958 | Tar:1    | Entered Level 1 of Tartarus
 81087 | Tar:3    | You are sucked into a shaft and drop 2 floors!
 81605 | Tar:7    | Entered Level 7 of Tartarus
 81636 | Tar:7    | Noticed an ancient lich
 81642 | Tar:7    | Killed an ancient lich
 81683 | Tar:7    | Noticed a dread lich
 81685 | Tar:7    | Noticed a dread lich
 81688 | Tar:7    | Killed a dread lich
 81695 | Tar:7    | Killed a dread lich
 81781 | Tar:7    | Noticed Ereshkigal
 81784 | Tar:7    | Noticed an ancient lich
 81787 | Tar:7    | Killed Ereshkigal
 81789 | Tar:7    | Killed an ancient lich
 81798 | Tar:7    | Noticed a dread lich
 81800 | Tar:7    | Noticed a dread lich
 81818 | Tar:7    | Killed a dread lich
 81834 | Tar:7    | Killed a dread lich
 81876 | Tar:7    | Got a bone rune of Zot
 81994 | Coc:1    | Entered Level 1 of Cocytus
 82014 | Coc:2    | Noticed a dread lich
 82032 | Coc:2    | Killed a dread lich
 82499 | Coc:7    | Entered Level 7 of Cocytus
 82746 | Coc:7    | Noticed Antaeus
 82770 | Coc:7    | Killed Antaeus
 82819 | Coc:7    | Identified the +2 robe of the Archfiend {Int+4}
 82822 | Coc:7    | Identified the ring of Democracy {Fly rElec rCorr Int-4
                  | SInv}
 82826 | Coc:7    | Got an icy rune of Zot
 82969 | Geh:1    | Entered Level 1 of Gehenna
 83177 | Geh:4    | Noticed a dread lich
 83245 | Geh:7    | Entered Level 7 of Gehenna
 83390 | Geh:7    | Noticed the Serpent of Hell
 83404 | Geh:7    | Killed the Serpent of Hell
 83457 | Geh:7    | Found the +7 sceptre of Asmodeus
 83457 | Geh:7    | Noticed Asmodeus
 83470 | Geh:7    | Killed Asmodeus
 83471 | Geh:7    | Reached skill level 15 in Stealth
 83484 | Geh:7    | Got an obsidian rune of Zot
 83624 | Hell     | Learned a level 6 spell: Statue Form
 83626 | Dis:1    | Entered Level 1 of the Iron City of Dis
 83696 | Dis:2    | Lost strength.
 83754 | Dis:2    | Noticed a dread lich
 83759 | Dis:2    | Killed a dread lich
 84134 | Dis:6    | Noticed a dread lich
 84134 | Dis:6    | Noticed a dread lich
 84134 | Dis:6    | Noticed an ancient lich
 84140 | Dis:6    | Noticed an ancient lich
 84142 | Dis:6    | Killed an ancient lich
 84142 | Dis:6    | Killed a dread lich
 84144 | Dis:6    | Killed an ancient lich
 84147 | Dis:6    | Noticed a dread lich
 84150 | Dis:6    | Noticed a dread lich
 84150 | Dis:6    | Noticed a dread lich
 84152 | Dis:6    | Killed a dread lich
 84152 | Dis:6    | Killed a dread lich
 84154 | Dis:6    | Killed a dread lich
 84154 | Dis:6    | Noticed an ancient lich
 84162 | Dis:6    | Killed an ancient lich
 84173 | Dis:6    | Killed a dread lich
 84193 | Dis:7    | Entered Level 7 of the Iron City of Dis
 84303 | Dis:7    | Noticed a juggernaut
 84311 | Dis:7    | Killed a juggernaut
 84355 | Dis:7    | Noticed a juggernaut
 84357 | Dis:7    | Noticed a juggernaut
 84362 | Dis:7    | Killed a juggernaut
 84368 | Dis:7    | Killed a juggernaut
 84434 | Dis:7    | Found the +4 staff of Dispater
 84434 | Dis:7    | Noticed Dispater
 84459 | Dis:7    | Killed Dispater
 84476 | Dis:7    | Got an iron rune of Zot
 84477 | Dis:7    | Identified the +1 halberd "Teenlaci" {flame, Str+6 Dex+4
                  | SInv}
 84852 | Zot:5    | Got the Orb of Zot
 85209 | D:14     | Noticed Wosyotyo the pandemonium lord
 85472 | D:2      | Noticed a seraph
 85498 | D:$      | Escaped with the Orb!

Illustrated notes

Levels and vault maps discovered:
D:1:      ebering_trefoil_3fold, layout_rooms, basic_ecumenical_altar,
          minmay_box_of_dots
D:2:      layout_basic
D:3:      layout_loops_ring, minmay_unequal, uniq_crazy_yiuf_cottage
D:4:      layout_basic, hangedman_decor_growths,
          nicolae_concentric_dashed_squares_mild, uniq_robin, uniq_sigmund,
          uniq_duvessa
D:5:      layout_loops_ring, minmay_temple_entry_antechambers,
          minmay_manual_maat, uniq_menkaure
D:6:      cheibrodos_steamvent, layout_loops_ring
D:7:      layout_loops_ring, chei_slow_surprise, overflow_temple_1_default,
          minmay_misc_feat_nine_boxes
D:8:      layout_loops_ring, minivault_11
D:9:      layout_rooms, fountainhead
D:10:     layout_rooms, due_lair_maze_entry_diamond, orc_0_dummy, uniq_grum,
          uniq_snorg
D:11:     layout_basic, ebering_ghost_gozag
D:12:     layout_loops_corners, uniq_urug, uniq_gastronok
D:13:     layout_basic, gammafunk_ghost_smash
D:14:     layout_roguey, grunt_vaults_entry_fortified, uniq_azrael
D:15:     grunt_enter_depths_magical_seal, layout_basic, hex_medium,
          kennysheep_crisscross, bloody_trog
Lair:1:   layout_cave_pods, hellmonk_guarded_unrand_vines, uniq_amaemon
Lair:2:   layout_cave_pods, nicolae_swamp_entry_splash_gauntlet,
          spider_nest_entry_a, portal_ice_cave_rime, minivault_27
Lair:3:   layout_gridlike, gammafunk_ghost_hive, nicolae_lair_lindhole,
          lemuel_fruit_tree, infiniplex_staircase_pool_2
Lair:4:   layout_cave_pods, nicolae_slime_entry_field_trip, st_stairs_3,
          minivault_24, grunt_megastairs_1, serial_bayou_shore_a
Lair:5:   hangedman_lair_caniforms_friends, layout_layer_cave,
          hangedman_lair_in_review, serial_rivers,
          chequers_serial_rivers_large_b, chequers_serial_rivers_micro_d,
          chequers_serial_rivers_room_b, chequers_serial_rivers_large_a
Swamp:1:  layout_basic_swamp, nicolae_swamp_ascending_descending, swamp_pool5,
          nicolae_swamp_tree_designs, uniq_louise, uniq_frances
Swamp:2:  layout_basic_swamp, gammafunk_ghost_split,
          nicolae_swamp_dense_foliage, swamp_pool3
Swamp:3:  layout_falls_marsh, evilmike_swamp_ruin_house_2, swamp_pool2,
          hangedman_swamp_blocks
Swamp:4:  swamp_basic_johnstein, layout_basic_swamp
Spider:1: layout_cave_pods, uniq_aizul
Spider:2: layout_spider_delve
Spider:3: layout_spider_delve
Spider:4: grunt_spider_rune_parallel, drop_trap
Slime:1:  layout_caves
Slime:2:  layout_caves, dissolution_awaits
Slime:3:  layout_caves
Slime:4:  layout_caves
Slime:5
Orc:1:    lemuel_ogre_cave, layout_diamond_mine
Orc:2:    grunt_orc_gardens, layout_caves, grunt_orc_garden, grunt_orc_garden,
          grunt_orc_garden, grunt_orc_garden, serial_shops,
          nicolae_shop_hallway_plus, gauntlet_entry_generic
Elf:1:    minmay_elf_arrival_summoners, layout_loops_cross,
          ebering_ghost_rock_garden, hangedman_elf_represent
Elf:2:    nicolae_elf_blades_crystal_corner, layout_geoelf_grid,
          dk_noncrumbling_3, drop_trap, uniq_zenata
Elf:3:    minmay_elf_hall_dome, layout_rooms
Vaults:1: nicolae_vaults_windows_and_doors_thing,
          nicolae_vaults_little_squares_1, hangedman_vaults_snaps,
          nicolae_vaults_network_quinsquares
          [nicolae_vaults_network_quincunx_subvault,
          nicolae_vaults_network_quincunx_subvault,
          nicolae_vaults_network_quincunx_subvault,
          nicolae_vaults_network_quincunx_subvault], v_misc_32,
          hangedman_vaults_trim, hangedman_vaults_impose,
          hangedman_vaults_stream, grunt_vaults_bifocal, ontoclasm_vaults_echo,
          ontoclasm_vaults_ligature, v_misc_22, vaults_room_door_ring,
          vaults_dpeg_spiral, ontoclasm_vaults_pinch, layout_vaults_maze_bifur
Vaults:2: gammafunk_ghost_grave, vaults_dpeg_encased_lava, v_misc_4,
          blue_anna_dwarven_crypt, vaults_mumra_minichess, grunt_vaults_funnel,
          v_alt_pattern_2, grunt_vaults_hallway_short,
          ontoclasm_vaults_decontamination, ontoclasm_vaults_chip,
          vaults_room_semicircle, vaults_room_door_hall, ontoclasm_vaults_twist,
          nicolae_vaults_little_squares_3, nicolae_vaults_diagonal_hallway_7,
          layout_vaults_ring, serial_hangedman_research,
          hangedman_research_quantum
Vaults:3: ebering_ghost_inner_flame, nicolae_vaults_network_square, door_vault,
          nicolae_vaults_stairing_the_circle, nicolae_vaults_theta,
          nicolae_vaults_ninety_degrees, vaults_dpeg_hooks,
          layout_vaults_chaotic_city, serial_shops, nicolae_shop_stone
Vaults:4: hangedman_vaults_corner_blocks, ontoclasm_vaults_loading_screen,
          nicolae_vaults_angled_halls, vaults_room_large_hall,
          hangedman_vaults_impose, ontoclasm_vaults_gateway,
          vaults_room_semicircle, dpeg_vaults_monster_box,
          layout_vaults_quadrants
Vaults:5: serial_shops
Crypt:1:  layout_rooms, grunt_ministairs_15, nicolae_crypt_niches, hex_tiny,
          serial_sigils_hangedman_quiver, moated_statue, minivault_23,
          grunt_crypt_arrival_webbed
Crypt:2:  layout_chaotic_city, infiniplex_enter_wizlab_spiral
Crypt:3:  lightli_unholy_cathedral, layout_chaotic_city,
          tomb_entry_pyramid_bobbens, ebering_ghost_xom, lemuel_statue_altar,
          nicolae_crypt_small_crypt, minivault_27,
          amcnicky_mini_rare_corridor_liquid, nicolae_crypt_niches,
          skrybe_necro_troll_2
Tomb:1
Tomb:2
Tomb:3
Depths:1: layout_roguey, hell_entry, pan_entry, okawaru_trees_1,
          ebering_ghost_reflecting_pool, hellmonk_bongcloud_opening,
          elyvilon_altar_3
Depths:2: regret_index_qazlal_generations, layout_basic, enter_ziggurat_d,
          rand_demon_pan_entry_3, pf_coc_iceberg, ashenzari_altar_1
Depths:3: evilmike_makhleb_hellhole, layout_gridlike, abyss_entry_flame_altar,
          pf_hell_entry_tar_river, nicolae_vehumet_radiance, uniq_frederick,
          uniq_boris
Depths:4: evilmike_zot_entry_gauntlet, layout_gridlike, rand_demon_pan_entry_1,
          nicolae_tso_swordbearing_angel, hell_entry, hangedman_ru_absence,
          infiniplex_staircase_pool_lava, minmay_shop_star
Hell
Dis:1:    layout_subdivisions
Dis:2:    layout_subdivisions, nicolae_dis_scattering
Dis:3:    layout_subdivisions, nicolae_hells_seeping_fissure
Dis:4:    layout_subdivisions
Dis:5:    layout_jigsaw
Dis:6:    layout_regular_city, nicolae_hells_leichenhalle
Dis:7:    dis_grunt_layers
Geh:1:    layout_gehenna_lava_caves
Geh:2:    layout_gehenna_pools_triple, lemuel_flamethrower_2
Geh:3:    layout_gehenna_lava_caves
Geh:4:    layout_gehenna_pools_basic
Geh:5:    layout_gehenna_lava_caves
Geh:6:    layout_gehenna_pools_triple
Geh:7:    geh_grunt
Coc:1:    layout_ice_bergs
Coc:2:    layout_ice_bergs
Coc:3:    layout_ice_bergs
Coc:4:    layout_cocytus_water_paths
Coc:5:    layout_ice_bergs
Coc:6:    layout_cocytus_delve
Coc:7:    coc_grunt
Tar:1:    layout_grid_maze
Tar:2:    layout_honeycomb, grunt_tartarus_stairs_gauntlet_trap
Tar:3:    layout_cathedral_of_symmetry
Tar:5:    layout_cathedral_of_symmetry, nicolae_tar_cuneiform_bread
Tar:6:    layout_catacombs, nicolae_tar_cuneiform_three,
          nicolae_tar_cuneiform_two
Tar:7:    tar_grunt_cathedral
Zot:1:    layout_cathedral_of_symmetry, basic_altar, lemuel_golem_globe, uniq_vv
Zot:2:    layout_onion_interference
Zot:3:    layout_basic, nicolae_zot_crop_circle
Zot:4:    grunt_zot_stairs_faceoff, layout_gridlike
Zot:5:    layout_cathedral_of_symmetry, st_stairs_6

Skill      XL: |  1  2  3  4  5  6  7  8  9 10 11 12 13 14 15 16 17 18 19 20 21 22 23 24 25 26 27 |
---------------+----------------------------------------------------------------------------------+-----
Stealth        | 3 4 24 | 24.1
Conjurations   | 1 2 3 14 | 14.0
Earth Magic    | 4 5 6 |  6.0
Necromancy     | 4 7 10 12 14 15 19 20 | 20.0
Spellcasting   | 4 6 11 14 17 20 22 23 25 26 | 26.5
Fighting       | 7 8 9 14 15 16 25 | 25.3
Dodging        | 8 10 16 24 | 24.0
Evocations     | 7 8 11 16 | 16.1
Summonings     | 5 12 15 18 19 24 27 | 27.0
Shields        | 6 |  6.0
Fire Magic     | 12 16 17 | 17.0
Transmutations | 10 15 | 15.0
Ice Magic      | 6 |  6.0
Throwing       | 10 | 10.0
Armour         | 9 |  9.0
Staves         | 12 | 12.0

Action                     |  1- 3 |  4- 6 |  7- 9 | 10-12 | 13-15 | 16-18 | 19-21 | 22-24 | 25-27 || total
---------------------------+-------+-------+-------+-------+-------+-------+-------+-------+-------++-------
  Melee: Rapier            |       |     6 |       |     2 |       |       |       |       |       ||     8
         Staff             |       |       |     7 |    20 |    13 |    19 |    20 |    14 |   105 ||   198
         Demon whip        |       |       |       |       |     3 |    11 |    29 |       |       ||    43
         Whip              |       |       |       |       |     1 |       |       |       |       ||     1
         Scimitar          |       |       |       |       |       |       |       |    28 |    10 ||    38
  Throw: Dart              |       |     5 |       |     2 |     5 |     2 |       |       |     2 ||    16
   Cast: Sandblast         |    52 |    50 |    37 |     1 |       |     2 |       |       |       ||   142
         Stone Arrow       |       |    14 |    10 |    15 |     4 |       |       |       |       ||    43
         Animate Dead      |       |     1 |     7 |    16 |    20 |    14 |    16 |     3 |       ||    77
         Borgnjor's Vile C |       |       |    34 |   134 |   144 |   156 |    52 |    49 |   298 ||   867
         Death Channel     |       |       |     4 |    30 |    57 |    57 |    49 |    21 |    67 ||   285
         Dispel Undead     |       |       |       |     1 |     3 |     2 |     1 |       |    16 ||    23
         Haunt             |       |       |       |       |    56 |    10 |     4 |     2 |     8 ||    80
         Infestation       |       |       |       |       |    38 |    73 |    65 |    56 |   270 ||   502
         Spellforged Servi |       |       |       |       |       |    30 |    21 |    13 |    39 ||   103
         Iron Shot         |       |       |       |       |       |    14 |    30 |    21 |    67 ||   132
         Ignition          |       |       |       |       |       |    19 |    62 |    54 |   170 ||   305
         Simulacrum        |       |       |       |       |       |       |       |    21 |   186 ||   207
         Necromutation     |       |       |       |       |       |       |       |    10 |   109 ||   119
         Dragon's Call     |       |       |       |       |       |       |       |    18 |   109 ||   127
         Sublimation of Bl |       |       |       |       |       |       |       |       |   604 ||   604
         Statue Form       |       |       |       |       |       |       |       |       |     8 ||     8
 Invoke: Receive Forbidden |       |       |       |       |     1 |       |       |       |       ||     1
         Unearth Wretches  |       |       |       |       |     7 |     5 |     4 |     1 |     7 ||    24
Ability: End Transformatio |       |       |       |       |       |       |       |     1 |    93 ||    94
  Evoke: Wand              |       |       |       |     4 |     3 |       |       |     1 |    31 ||    39
         Phial of floods   |       |       |       |       |       |       |     1 |     1 |       ||     2
         Phantom mirror    |       |       |       |       |       |       |     1 |       |     5 ||     6
         Condenser vane    |       |       |       |       |       |       |       |     1 |     2 ||     3
         Box of beasts     |       |       |       |       |       |       |       |       |     2 ||     2
         Horn of Geryon    |       |       |       |       |       |       |       |       |     1 ||     1
    Use: Scroll            |     4 |     3 |     2 |    17 |    16 |    12 |     2 |     7 |    41 ||   104
         Potion            |       |       |     1 |       |     6 |     2 |     1 |     4 |    42 ||    56
   Stab: Distracted        |       |       |       |     1 |       |       |     2 |       |     1 ||     4
         Paralysed         |       |       |       |       |     8 |     2 |       |       |     2 ||    12
         Invisible         |       |       |       |       |       |     1 |       |       |       ||     1
 Armour: Robe              |     6 |     3 |    10 |    17 |    11 |    68 |    33 |    61 |   314 ||   523
         Skin              |       |       |       |       |       |       |       |       |    15 ||    15
  Dodge: Dodged            |    11 |     6 |    31 |    44 |    74 |   120 |   102 |   135 |   743 ||  1266
  Block: Buckler           |       |       |       |       |     9 |    64 |    49 |    50 |   333 ||   505

Table legend: (Time is in decaauts)
 A = Elapsed time spent in this place.
 B = Non-inter-level travel time spent in this place.
 C = Inter-level travel time spent in this place.
 D = Time resting spent in this place.
 E = Time spent auto-exploring this place.
 F = Levels seen in this place.
 G = Mean time per level.
                   A        B        C        D        E       F      G
               +--------+--------+--------+--------+--------+-----+--------+
         Total |  92907 |  82533 |  10374 |   4092 |  55143 | 107 |  868.3 |
       Dungeon |  22971 |  19363 |   3608 |   1406 |  15198 |  15 | 1531.4 |
          Lair |  11948 |  10780 |   1168 |    720 |   8715 |   5 | 2389.6 |
         Swamp |   4438 |   4120 |    318 |      0 |   3087 |   4 | 1109.5 |
   Spider Nest |   7132 |   6760 |    372 |    269 |   5216 |   4 | 1783.0 |
    Slime Pits |   1766 |   1618 |    148 |     10 |    798 |   5 |  353.2 |
  Orcish Mines |   2175 |   1747 |    428 |     45 |   1405 |   2 | 1087.5 |
   Elven Halls |   5081 |   4595 |    486 |    447 |   3076 |   3 | 1693.7 |
        Vaults |  10025 |   8877 |   1148 |    185 |   6641 |   5 | 2005.0 |
         Crypt |   3430 |   3052 |    378 |     30 |   1897 |   3 | 1143.3 |
          Tomb |   2720 |   2417 |    303 |    179 |    808 |   3 |  906.7 |
        Depths |   6248 |   5178 |   1070 |     74 |   3573 |   4 | 1562.0 |
          Hell |    535 |    404 |    131 |      0 |    192 |   1 |  535.0 |
           Dis |    924 |    904 |     20 |     15 |      0 |   7 |  132.0 |
       Gehenna |    617 |    508 |    109 |      0 |      0 |   7 |   88.1 |
       Cocytus |    930 |    930 |      0 |    116 |      0 |   7 |  132.9 |
      Tartarus |   1012 |    976 |     36 |      0 |    344 |   6 |  168.7 |
           Zot |   5593 |   4950 |    643 |    169 |   3279 |   5 | 1118.6 |
         Abyss |    989 |    989 |      0 |      0 |      0 |   6 |  164.8 |
   Pandemonium |   2454 |   2454 |      0 |    180 |      0 |  12 |  204.5 |
      Ice Cave |    129 |    129 |      0 |     76 |      0 |   1 |  129.0 |
        Wizlab |   1109 |   1109 |      0 |      0 |    643 |   1 | 1109.0 |
      Gauntlet |    670 |    670 |      0 |    170 |    265 |   1 |  670.0 |
               +--------+--------+--------+--------+--------+-----+--------+

Top non-repeatable levels by time:
  Lair:5: 3371 daAuts
Vaults:2: 2453 daAuts
  Lair:2: 2420 daAuts
    D:15: 2390 daAuts
Spider:1: 2256 daAuts
  Lair:1: 2233 daAuts
    D:12: 2222 daAuts
    D:11: 2210 daAuts
Vaults:1: 2195 daAuts
  Lair:3: 2130 daAuts
Spider:3: 2099 daAuts
Vaults:3: 2037 daAuts
    D:14: 2002 daAuts
    D:10: 1928 daAuts
   Elf:1: 1873 daAuts
